Workbook

Sheet INDICE
A1: ESTRUCTURA DEL PLAN ESTRATEGICO | H1: NOMBRE DE LA EMPRESA:
A3: CONCEPTOS - FILOSOFIA | C3: Elementos conceptuales: Quiénes somos, donde queremos llegar. | E3: MISION | H3: MISION
E4: VISION | H4: VISION
E5: VALORES | H5: VALORES
A6: ANÁLISIS SITUACIÓN y OPCIONES | C6: Análisis: Dónde estamos y cual es el entorno. Qué opciones estrategicas tenemos. | E6: AUDITORIA EXTERNA | H6: E. POLITICO - LEGAL | I6: ECONOMICO | J6: SOCIO- DEMOGRAFICO | K6: TECNOLOGICO | L6: AMBIENTAL
H7: DIRECCION | I7: RRHH | J7: COMPRAS Y ALMACEN | K7: PRODUCCION | L7: LOGISTICA
E8: AUDITORIA INTERNA | H8: COMERCAL Y MERCADEO | I8: SERVICIO AL CLIENTE | J8: FINANZAS Y CONTABILIDAD | K8: GENERAL | L8: GRAFICOS AREAS
A9: CONCLUSIONES, OBJETIVOS Y ESTRATEGIA | C9: Definición: Qué objetivos, cómo y cuando los alcanzaremos. Que estrategias aplicaremos. | E9: OBJETIVOS | H9: PORTER | I9: PERFIL COMPETITIVO | J9: ANSOFF | K9: BCG | L9: ADL
H10: GE - MCKINSEY | I10: CADENA DE VALOR | J10: CANVAS | K10: DOFA
E11: ESTRATEGIAS | H11: CONCLUSIONES | I11: FCE
A12: PLANES OPERATIVOS Y PLAN DE MEJORA | C12: Definicion: Que actividades debemos implementar. Como haremos seguimiento. Que plan de mejora se implementará en el tiempo y como evaluaremos la gestion | E12: Plan de accion por objetivos y cuadro de mando | H12: OBJETIVOS | J12: POLITICAS
H14: PLANEACION POR OBJETIVOS Y CUADRO DE MANDO
E15: Plan de accion por actividades | H15: PLANEACION POR ACTIVIDADES
A17: SEGUIMIENTO | C17: Como vamos en la implementacion de la estrategia | E17: Plan de mejora | H17: PLAN DE MEJORA
A19: ANALISIS DE RIESGOS | C19: Definicion: Que riesgos se corre y como se afrontarán | E19: Matriz de riesgos | H19: MATRIZ DE RIESGOS

Sheet 1 MyV
B2: Jenny Paola Escarpeta
B3: LA COCINA DE JP
B5: ACTUAL | E5: La misión describe el propósito de la empresa
B6: EMPRESA | C6: =INDICE!I1 -> 0
A8: MISION ACTUAL | B8: MISIÓN | F8: IR AL INDICE
F9: IR AL FINAL
B10: ELEMENTOS
B11: NECESIDADES DE LOS CLIENTES | C11: CLIENTES | D11: PRODUCTOS
F12: =
B20: CONCLUSIONES
A22: PREGUNTAS ORIENTADORAS PARA ESTRUCTURAR LA MISION
F23: IR AL INDICE
A24: 1. ¿Cuál es nuestro negocio? ¿Cuáles son los objetivos primarios de nuestra empresa? | F24: IR AL INICIO
A26: 2. ¿Por qué estás en este negocio? ¿Qué quieres hacer por ti mismo, por tu familia y clientes? Piensa sobre la chispa que provocó tu decisión de comenzar. ¿Qué hará que siga ardiendo ese fuego?
F27: IR AL FINAL
A30: 3. ¿Quiénes son tus clientes? ¿Qué puedes hacer por ellos que enriquezca sus vidas y contribuya a su éxito ahora y en un futuro?
A34: 4. ¿Qué imagen de tu negocio quieres transmitir? La gente percibe algo de tu empresa. ¿Cómo puedes crear la imagen deseada?
A38: 5. ¿Cuál es la naturaleza de tus productos o servicios? ¿Qué factores determinan el precio y la calidad? Identifica cómo se relacionan a las razones de la existencia de tu negocio. ¿Cómo puede cambiar esto con el tiempo?
A42: 6. ¿Qué nivel de servicio vas a dar? La mayoría de las empresas creen que ofrecen “el mejor servicio disponible” pero, ¿tus clientes están de acuerdo? Define qué es lo que hace que tu empresa dé la mejor atención al cliente.
A46: 7. ¿Qué roles van a tener tus empleados y tú? Los capitanes sabios desarrollan un estilo de liderazgo que organiza, reta y reconoce a los trabajadores.
A50: 8. ¿Qué tipo de relación vas a tener con los empleados? Todo negocio tiene una sociedad con sus proveedores. Cuando tú tienes éxito ellos también lo tienen.
A54: 9. ¿En qué te diferencias de la competencia? Muchos emprendedores olvidan que persiguen lo mismo que su competencia. ¿Qué haces mejor, más barato o más rápido que la competencia? ¿Cómo puedes usar la debilidad del competidor como ventaja?
A58: 10. ¿Cómo usarás la tecnología, capital, procesos y servicios para alcanzar tus metas? Una descripción de tu estrategia te dará la energía necesaria para enfocarte en tus metas.
A62: 11. ¿Qué filosofías ocultas o valores guiaron las respuestas anteriores? Algunos negocios eligen enlistar eso de forma diferente. Escribirlos clarifica el “porqué” de tu misión.
A68: MISION NUEVA | B68: SUGERIDA
B69: EMPRESA | C69: =C6 -> 0
B71: MISIÓN
F72: IR AL INDICE
B73: ELEMENTOS | F73: IR AL INICIO
B74: NECESIDADES DE LOS CLIENTES | C74: CLIENTES | D74: PRODUCTOS | F74: IR AL FINAL
A84: VISION ACTUAL | B84: ACTUAL | E84: cuál es su objetivo a largo plazo o un estado deseable
B85: EMPRESA | C85: =C6 -> 0
B86: VISIÓN
F87: IR AL INDICE
B88: ELEMENTOS | F88: IR AL INICIO
B89: OBJETIVO PRINCIPAL | F89: IR AL FINAL
B90: ESCENARIO COMPETITIVO
B91: VENTAJAS COMPETITIVAS
B92: CONCLUSIONES
A94: PREGUNTAS ORIENTADORAS PARA ESTRUCTURAR LA VISION | F94: IR AL INDICE
F95: IR AL INICIO
F96: IR AL FINAL
A97: 1. ¿Cuáles son tus valores? Las creencias de cualquier empresa se basan en los valores del propietario
A101: 2. ¿Cuál es tu principal enfoque? Esto se refiere al servicio que brindas al mundo. Muchas veces también es llamado propuesta única de venta, y es lo que te diferencia de la competencia. Una vez que tienes una visión de tu enfoque, no te distraigas con las cosas ajenas a él.
A105: 3. ¿Cuál es tu meta a 10 años? Ésta es la meta número uno de tu organización
A109: 4. ¿Cuál es tu panorama a tres años? Los empresarios deben tener una idea clara de cómo lucirán sus empresas en tres años
A113: 5. ¿Cuál es tu plan de un año? Cada empresa debe tener de tres a siete metas anuales, las cuales dependerán de la imagen a tres años y el objetivo a 10 años
A117: 6. ¿Cuáles son tus prioridades para cada cuarto? Los empresarios deben identificar una prioridad principal por cada periodo de 90 días
A121: 7. ¿Cuál es tu estrategia de marketing?Primero identifica a tu público meta, incluyendo información demográfica, geográfica y psicográfica. Después, identifica las soluciones únicas que puedes ofrecer a las preocupaciones, necesidades o temores de tu mercado. Luego identifica la mejor manera de llevar esta información a tu target. Finalmente, decide qué tipo de garantía o promesa puedes ofrecer para generar confianza.
A125: 8. ¿Cuáles son tus problemas? Poner tus temores y preocupaciones en papel puede ser terapéutico porque te permite lidiar con ellos de manera más objetiva
A132: VISION NUEVA | B132: SUGERIDA
B133: EMPRESA | C133: =C6 -> 0
B134: VISIÓN
F135: IR AL INDICE
B136: ELEMENTOS | F136: IR AL INICIO
B137: OBJETIVO PRINCIPAL
B138: ESCENARIO COMPETITIVO
B139: VENTAJAS COMPETITIVAS
B140: CONCLUSIONES
A143: VALORES CORPORATIVOS | B143: VALORES | E143: Los valores deben contener los principios deseables en la empresa y representarlos de forma creíble.
B144: EMPRESA | C144: =C6 -> 0
B145: VALOR | C145: DESCRIPCION
F147: IR AL INDICE
F148: IR AL INICIO
B173: Misión | C173: Visión
A174: Preguntas | B174: ¿Qué ventajas proporciona tu empresa? | C174: ¿Qué representa la compañía?
B175: ¿Cuáles son las principales competencias de la empresa?
A176: Funciones | B176: Función externa: ¿qué beneficios sociales proporciona la empresa? | C176: Funciones internas y externas: comunicación interna de la visión a los trabajadores, así como comunicación externa a los clientes, proveedores, socios y patrocinadores.
A177: Momento | B177: La misión hace referencia a la situación actual de la empresa. | C177: La visión proporciona información sobre la situación futura ideal de la empresa.
A178: Orden | B178: La misión es lo primero que deberá elaborarse. | C178: La visión se elabora sobre la base de la misión.
A179: Utilización | B179: Orientativa. | C179: Inspiradora.

Sheet 2 AUD EXTERNA
B1: ANALISIS EXTERNO
B3: APLICADO AL SECTOR DE LA EMPRESA | C3: =INDICE!I1 -> 0
C5: AMENAZAS | F5: OPORTUNIDADES | I5: IR AL INDICE
B6: ENTORNO POLITICO | C6: 1 | D6: 2 | E6: 3 | F6: 4 | G6: 5 | I6: IR AL FINAL
A7: # | B7: Variable | C7: MUY NEGATIVO | D7: NEGATIVO | E7: NEUTRO | F7: POSITIVO | G7: MUY POSITIVO
A8: 1 | B8: Cambios en la politica Sectorial | D8: 2
A9: 2 | B9: Cambios en la politica laboral | G9: 5 | I9: ENTORNO POLITICO
A10: 3 | B10: Cambios en regulaciones sectoriales | E10: 3 | I10: AMENAZAS | L10: OPORTUNIDADES
A11: 4 | B11: Elecciones locales, regionales, nacionales | D11: 2 | I11: 1 | J11: 2 | K11: 3 | L11: 4 | M11: 5
A12: 5 | B12: Cambios en pensiones y cesantias | G12: 5 | I12: MUY NEGATIVO | J12: NEGATIVO | K12: NEUTRO | L12: POSITIVO | M12: MUY POSITIVO
A13: 6 | B13: Leyes de proteccion ambiental | E13: 3 | I13: =C28 -> 5 | J13: =D28 -> 12 | K13: =E28 -> 12 | L13: =F28 -> 0 | M13: =G28 -> 25
A14: 7 | B14: Papel de las asociaciones gremiales existentes en el sector | G14: 5
A15: 8 | B15: Protestas contra el gobierno | C15: 1
A16: 9 | B16: Regulaciones sobre exportaciones | G16: 5
A17: 10 | B17: Regulaciones sobre importaciones | D17: 2
A18: 11 | B18: Nivel de informalidad laboral | C18: 1
A19: 12 | B19: Sistema de gestion y seg en el trabajo | C19: 1
A20: 13 | B20: Cambios en entes de control | E20: 3
A21: 14 | B21: Lucha contra la evasion tributaria | D21: 2
A22: 15 | B22: Lucha contra la elusion tributaria | D22: 2
A23: 16 | B23: Corrupcion | C23: 1
A24: 17 | B24: Percepcion de la ley | D24: 2
A25: 18 | B25: Normas sobre espacio publico | C25: 1
A26: 19 | B26: Normas sobre mobilidad (Pico y placa) | E26: 3
A27: 20 | B27: Normas sobre competencia leal | G27: 5
B28: TOTALES | C28: =SUM(C8:C27) -> 5 | D28: =SUM(D8:D27) -> 12 | E28: =SUM(E8:E27) -> 12 | F28: =SUM(F8:F27) -> 0 | G28: =SUM(G8:G27) -> 25 | H28: =SUM(C28:G28) -> 54
B29: PESO DEL ENTORNO | C29: =(C28+D28+E28+F28+G28)/100 -> 0.54
B31: ENTORNO ECONOMICO | C31: AMENAZAS | F31: OPORTUNIDADES | I31: IR AL INDICE
A32: # | B32: Variable | C32: MUY NEGATIVO | D32: NEGATIVO | E32: NEUTRO | F32: POSITIVO | G32: MUY POSITIVO | I32: IR AL INICIO
A33: 1 | B33: Acceso al credito | G33: 5 | I33: IR AL FINAL
A34: 2 | B34: Acuerdos comerciales | G34: 5
A35: 3 | B35: Deficit gobierno nacional | C35: 1
A36: 4 | B36: Desempleo | D36: 2
A37: 5 | B37: Exportaciones | G37: 5 | I37: ENTORNO ECONOMICO
A38: 6 | B38: Inflacion General | D38: 2 | I38: AMENAZAS | L38: OPORTUNIDADES
A39: 7 | B39: Inflacion Sector | D39: 2 | I39: 1 | J39: 2 | K39: 3 | L39: 4 | M39: 5
A40: 8 | B40: Importaciones | G40: 5 | I40: MUY NEGATIVO | J40: NEGATIVO | K40: NEUTRO | L40: POSITIVO | M40: MUY POSITIVO
A41: 9 | B41: Mercado de capitales | E41: 3 | I41: =C53 -> 1 | J41: =D53 -> 18 | K41: =E53 -> 3 | L41: =F53 -> 12 | M41: =G53 -> 30
A42: 10 | B42: Nivel de confianza del consumidor | G42: 5
A43: 11 | B43: Nivel de confianza del inversionista | D43: 2
A44: 12 | B44: Perspectivas del sector propio | F44: 4
A45: 13 | B45: Perspectivas del sector de los clientes | D45: 2
A46: 14 | B46: PIB | D46: 2
A47: 15 | B47: PIB Sector | D47: 2
A48: 16 | B48: Politica fiscal | D48: 2
A49: 17 | B49: Politica industrial | F49: 4
A50: 18 | B50: Productividad | F50: 4
A51: 19 | B51: Recursos energeticos | D51: 2
A52: 20 | B52: Patrones de consumo | G52: 5
B53: TOTALES | C53: =SUM(C33:C52) -> 1 | D53: =SUM(D33:D52) -> 18 | E53: =SUM(E33:E52) -> 3 | F53: =SUM(F33:F52) -> 12 | G53: =SUM(G33:G52) -> 30 | H53: =SUM(C53:G53) -> 64
B54: PESO DEL ENTORNO | C54: =(C53+D53+E53+F53+G53)/100 -> 0.64
B56: ENTORNO SOCIO - DEMOGRAFICO | C56: AMENAZAS | F56: OPORTUNIDADES | I56: IR AL INDICE
A57: # | B57: Variable | C57: MUY NEGATIVO | D57: NEGATIVO | E57: NEUTRO | F57: POSITIVO | G57: MUY POSITIVO | I57: IR AL INICIO
A58: 1 | B58: Actitud hacia el ahorro | D58: 2 | I58: IR AL FINAL
A59: 2 | B59: Actitudes hacia el servicio al cliente | G59: 5
A60: 3 | B60: Actitudes hacia el trabajo | G60: 5
A61: 4 | B61: Actitudes hacia la autoridad | G61: 5 | I61: =B56 -> ENTORNO SOCIO - DEMOGRAFICO
A62: 5 | B62: Actitudes hacia la I&D | F62: 4 | I62: AMENAZAS | L62: OPORTUNIDADES
A63: 6 | B63: Actitudes hacia la inversion | F63: 4 | I63: 1 | J63: 2 | K63: 3 | L63: 4 | M63: 5
A64: 7 | B64: Actitudes hacia productos de calidad | F64: 4 | I64: MUY NEGATIVO | J64: NEGATIVO | K64: NEUTRO | L64: POSITIVO | M64: MUY POSITIVO
A65: 8 | B65: Cambios en composicion de la poblacion por rangos de edad | F65: 4 | I65: =C78 -> 1 | J65: =D78 -> 4 | K65: =E78 -> 6 | L65: =F78 -> 24 | M65: =G78 -> 45
A66: 9 | B66: Cambios en estilos de vida | G66: 5
A67: 10 | B67: Cambios en gustos y preferencias | F67: 4
A68: 11 | B68: Cambios en habitos de compra | F68: 4
A69: 12 | B69: Congestion vehicular | E69: 3
A70: 13 | B70: Habitos alimenticios y vida saludable | G70: 5
A71: 14 | B71: Ingreso percapita | G71: 5
A72: 15 | B72: Nivel de delincuencia | C72: 1
A73: 16 | B73: Nivel de educativo promedio | G73: 5
A74: 17 | B74: Numero de grupos de interes especiales | G74: 5
A75: 18 | B75: Numero de iglesias | E75: 3
A76: 19 | B76: Percepcion de seguridad | D76: 2
A77: 20 | B77: Valor otorgado al tiempo libre | G77: 5
B78: TOTALES | C78: =SUM(C58:C77) -> 1 | D78: =SUM(D58:D77) -> 4 | E78: =SUM(E58:E77) -> 6 | F78: =SUM(F58:F77) -> 24 | G78: =SUM(G58:G77) -> 45 | H78: =SUM(C78:G78) -> 80
B79: PESO DEL ENTORNO | C79: =(C78+D78+E78+F78+G78)/100 -> 0.8
B81: ENTORNO TECNOLOGICO | C81: AMENAZAS | F81: OPORTUNIDADES | I81: IR AL INDICE
A82: # | B82: Variable | C82: MUY NEGATIVO | D82: NEGATIVO | E82: NEUTRO | F82: POSITIVO | G82: MUY POSITIVO | I82: IR AL INICIO
A83: 1 | B83: Acceso a la tecnologia | G83: 5 | I83: IR AL FINAL
A84: 2 | B84: Acceso a sistemas de informacion | G84: 5
A85: 3 | B85: Actitudes hacia el internet | G85: 5
A86: 4 | B86: Actitudes hacia las compras en linea | G86: 5 | I86: =B81 -> ENTORNO TECNOLOGICO
A87: 5 | B87: Actitudes hacia las redes sociales | G87: 5 | I87: AMENAZAS | L87: OPORTUNIDADES
A88: 6 | B88: Sistematizacion de procesos | F88: 4 | I88: 1 | J88: 2 | K88: 3 | L88: 4 | M88: 5
A89: 7 | B89: Digitalizacion de la informacion | F89: 4 | I89: MUY NEGATIVO | J89: NEGATIVO | K89: NEUTRO | L89: POSITIVO | M89: MUY POSITIVO
A90: 8 | B90: Seguridad informatica | E90: 3 | I90: =C103 -> 0 | J90: =D103 -> 2 | K90: =E103 -> 15 | L90: =F103 -> 16 | M90: =G103 -> 50
A91: 9 | B91: Sistemas de seguridad y vig tech | E91: 3
A92: 10 | B92: Desarrollo en materias primas, procesos y tecnologias de produccion | F92: 4
A93: 11 | B93: Uso de la estadistica y tecn en los negocios | G93: 5
A94: 12 | B94: Uso de CRM | G94: 5
A95: 13 | B95: Uso de sistemas de gestion de inventarios | G95: 5
A96: 14 | B96: Uso de mineria de datos | G96: 5
A97: 15 | B97: Vigilancia tecnologica | F97: 4
A98: 16 | B98: Uso de sistemas de informacion gerencial | G98: 5
A99: 17 | B99: Instalaciones inteligentes | E99: 3
A100: 18 | B100: Tecn aplicada al consumo eficiente de servicios publicos | E100: 3
A101: 19 | B101: Grado de obsolecensia tecnologica | D101: 2
A102: 20 | B102: Politicas entorno a I&D+I | E102: 3
B103: TOTALES | C103: =SUM(C83:C102) -> 0 | D103: =SUM(D83:D102) -> 2 | E103: =SUM(E83:E102) -> 15 | F103: =SUM(F83:F102) -> 16 | G103: =SUM(G83:G102) -> 50 | H103: =SUM(C103:G103) -> 83
B104: PESO DEL ENTORNO | C104: =(C103+D103+E103+F103+G103)/100 -> 0.83
B106: ENTORNO ECOLOGICO - AMBIENTAL | C106: AMENAZAS | F106: OPORTUNIDADES | I106: IR AL INDICE
...

Sheet Hoja1
B3: PROCESO ADMINISTRATIVO | C3: COMPONENTES | D3: FACTORES EVALUADOS
A4: 1 | B4: PROCESO DE DIRECCION | C4: PLANEACION | D4: 5
A5: 2 | C5: ORGANIZACIÓN | D5: 5
A6: 3 | C6: DIRECCION | D6: 6
A7: 4 | C7: CONTROL | D7: 4
A8: 5 | C8: ANALISIS DE PROBLEMAS | D8: 4
A9: 6 | C9: TOMA DE DESICIONES | D9: 3
A10: 7 | C10: COMUNICACIÓN | D10: 4
A11: 8 | B11: PROCESO DE RECURSOS HUMANOS | C11: SELECCIÓN | D11: 6
A12: 9 | C12: DESARROLLO | D12: 5
A13: 10 | C13: COMPETENCIAS | D13: 7 | H13: =1+0.035/12 -> 1.0029167
A14: 11 | C14: BIENESTAR | D14: 3 | H14: =H13*H13*H13 -> 1.0087755
A15: 12 | B15: PROCESO DE COMPRAS Y ALMACEN | C15: GESTION DE PROVEEDORES | D15: 5 | H15: =H14-1 -> 0.0087755456
A16: 13 | C16: PROCESO DE COMPRAS | D16: 7 | H16: =H15*3 -> 0.026326637
A17: 14 | C17: GESTION DE INVENTARIOS | D17: 5
A18: 15 | C18: PAGO DE PROVEEDORES | D18: 5
A19: 16 | B19: PROCESO DE PRESTACION DEL SERVICIO | C19: PLANEACION | D19: 4
A20: 17 | C20: PRESTACION | D20: 7
A21: 18 | C21: SERVICIO AL CLIENTE | D21: 6
A22: 19 | C22: EVALUACION | D22: 5
A23: 20 | B23: PROCESO DE LOGISTICA | C23: PLANEACION | D23: 7
A24: 21 | C24: LOGISTICA DE ABASTECIMIENTO Y DISTRIBUCION | D24: 7
A25: 22 | C25: SERVICIO AL CLIENTE | D25: 5
A26: 23 | C26: EVALUACION | D26: 5
A27: 24 | B27: PROCESO COMERCIAL Y DE MERCADEO | C27: PLANEACION | D27: 5
A28: 25 | C28: GESTION COMERCIAL | D28: 7
A29: 26 | C29: SERVICIO AL CLIENTE | D29: 5
A30: 27 | C30: EVALUACION | D30: 5
A31: 28 | B31: PROCESO DE FINANZAS Y CONTABILIDAD | C31: RENTABILIDAD | D31: 5
A32: 29 | C32: LIQUIDEZ | D32: 5
A33: 30 | C33: CARTERA | D33: 5
A34: 31 | C34: ENDEUDAMIENTO | D34: 5
A35: 32 | C35: ROTACION DE INVENTARIOS | D35: 5
A36: 33 | C36: EVALUACION | D36: 5
A37: 34 | B37: PROCESO DE GESTION DE CALIDAD | C37: CONTEXTO DE LA ORGANIZACIÓN | D37: 3
A38: 35 | C38: PLANEACION | D38: 4
A39: 36 | C39: APOYO | D39: 8
A40: 37 | C40: OPERACIÓN | D40: 5
B41: TOTAL | D41: =SUM(D4:D40) -> 192

Sheet 3 AUD INTERNA
A1: ANALISIS INTERNO ESTRUCTURADO POR AREAS
A3: ANALISIS APLICADO A LA EMPRESA | C3: =INDICE!I1 -> 0
C6: FACTOR | D6: CALIFICACION | E6: PUNTAJE MAXIMO | F6: PUNTAJE OBTENIDO | H6: IR AL INDICE
A7: PROCESO DE DIRECCION | B7: PLANEACION | C7: 1. Objetivos a corto mediano y largo plazo claros, concisos y cuantificables | D7: 3 | E7: 50 | F7: =D12/E7 -> 0.34 | H7: IR AL FINAL
C8: 2 Presupuestos por areas y por objetivos | D8: 2
C9: 3. Sistema de informacion gerencial | D9: 5 | H9: FORMA DE CALIFICAR
C10: 4. Pronosticos financieros, operativos y tecnicos | D10: 6 | H10: 1. No tiene idea del tema
C11: 5. Estrategias empresariales y por areas | D11: 1 | H11: 2. Ha escuchado algo
C12: TOTAL | D12: =SUM(D7:D11) -> 17 | H12: 3. Está estudiando el tema
B13: ORGANIZACIÓN | C13: 1. Diseño de areas y asignacion de tareas, funciones, metas, responsabilidaes | D13: 7 | E13: 50 | F13: =D18/E13 -> 0.64 | H13: 4. Ya comprende y conoce el tema
C14: 2. Delegacion de responsabilidades | D14: 6 | H14: 5. Ha decidio su implementacion en la empresa
C15: 3. Coordinacion | D15: 8 | H15: 6. Ha iniciado la implementacion
C16: 4. Comunicación | D16: 9 | H16: 7. Se encuentra en implementacion
C17: 5.Seguimiento y control | D17: 2 | H17: 8. Ya esta implementado
C18: TOTAL | D18: =SUM(D13:D17) -> 32 | H18: 9. Está implementado y socializado al 100%
B19: DIRECCION | C19: 1. Analisis de contexto externo | D19: 4 | E19: 60 | F19: =D25/E19 -> 0.61666667 | H19: 10. Se cuenta con indicadores, seguimiento, evaluacion y mejora
C20: 2. Analisis de contexto interno | D20: 5
C21: 3.Analisis de sensibilidad de los objetivos a cambios en el contexto externo | D21: 6
C22: 4.Analisis de sensibilidad de los objetivos a cambios en el contexto interno | D22: 7
C23: 5. Analisis de prioridades | D23: 7
C24: 6. Toma de decisiones | D24: 8
C25: TOTAL | D25: =SUM(D19:D24) -> 37
B26: CONTROL | C26: 1. Analisis de presupuestado vrs real | D26: 9 | E26: 40 | F26: =D30/E26 -> 0.875
C27: 2. Analisis de diferencias | D27: 9
C28: 3. Analisis de fuentes, causas e impactos | D28: 9
C29: 4. Analisis de tendencias | D29: 8
C30: TOTAL | D30: =SUM(D26:D29) -> 35
B31: ANALISIS DE PROBLEMAS | C31: 1.Reporte de problemas | D31: 6 | E31: 40 | F31: =D35/E31 -> 0.45
C32: 2. Reporte de incidentes | D32: 5
C33: 3. Reporte de dificualtades | D33: 4
C34: 4. Analisis de causas y consecuencias | D34: 3
C35: TOTAL | D35: =SUM(D31:D34) -> 18
B36: TOMA DE DECISIONES | C36: 1. La toma de decisiones esta soportada por un sistema de informacion gerencial | D36: 6 | E36: 30 | F36: =D39/E36 -> 0.76666667
C37: 2. La toma de decisiones se basa en informacion verificable y confiable | D37: 8
C38: 3. Para la toma de decisiones se toman en cuenta los objetivos estrategicos de la empresa y del area | D38: 9
C39: TOTAL | D39: =SUM(D36:D38) -> 23
B40: COMUNICACIÓN | C40: 1. Las decisiones del area gerencial son comunicadas por escrito al personal | D40: 9 | E40: 40 | F40: =D44/E40 -> 0.425
C41: 2. La informacion de las areas a gerencia se realiza por escrito | D41: 3
C42: 3. La gerencia, los encargados del area y coordinadores informan sus novedades por escrito | D42: 3
C43: 4. La gerencia, las areas informan aspectos generales de la empresa, sus proyectos y resultados a sus colaboradores | D43: 2
C44: TOTAL | D44: =SUM(D40:D43) -> 17
C45: TOTAL DIRECCION | D45: =D12+D18+D25+D30+D35+D39+D44 -> 179 | E45: =SUM(E7:E44) -> 310 | F45: =D45/E45 -> 0.57741935
A47: PROCESO DE RECURSOS HUMANOS | B47: FASE | C47: DESCRIPCION | D47: EVALUACION | E47: PUNTAJE MAXIMO | F47: EVALUACION PORCENTUAL | H47: IR AL INDICE
B48: SELECCIÓN | C48: El perfil del colaborador para cada cargo está ajustado a las competencias laborales requeridas | E48: 70 | F48: =(D55/E48) -> 0 | H48: IR AL INICIO
C49: Se tiene establecido un proceso atraer, seleccionar y contrar personal en la empresa | H49: IR AL FINAL
C50: ¿Se tiene establecido un proceso para asegurar que los candidatos cuentan con las condiciones y requisitos necesarios para los cargos?
C51: Se tiene establecido un proceso para evaluar las competencias y habilidades de los candidatos durante las entrevistas
C52: ¿Se tiene claro cuales son las pruebas de aptitud y evaluaciones técnicas que se desarrollan en el proceso de selección? | H52: FORMA DE CALIFICAR
C53: ¿La empresa tiene establecido un procesdimiento para verificar las referencias laborales y verificaciones de antecedentes?
C54: ¿La empresa tiene establecido un procesdimiento para la integración y orientación de nuevos empleados? | H54: 1. No tiene idea del tema
C55: TOTAL | D55: =SUM(D48:D54) -> 0 | H55: 2. Ha escuchado algo
B56: FASE | C56: DESCRIPCION | D56: EVALUACION | F56: EVALUACION PORCENTUAL | H56: 3. Está estudiando el tema
B57: EVALUACION DEL DESEMPEÑO | C57: ¿La empresa cuenta con un proceso claro y definido sobre cómo se definen y comunican claramente los criterios y objetivos de desempeño para cada puesto en la organización? | E57: 60 | F57: =(D63/50) -> 0 | H57: 4. Ya comprende y conoce el tema
C58: ¿La empresa posee una frecuencia en que se realizan las evaluaciones formales de desempeño y cómo se aseguran de que sean justas, consistentes y objetivas? | H58: 5. Ha decidio su implementacion en la empresa
C59: ¿La empresa cuenta con un procedimiento sobre Cómo se involucra a los empleados en el proceso de evaluación y se fomenta una conversación abierta sobre su desempeño? | H59: 6. Ha iniciado la implementacion
C60: ¿La empresa cuenta con las medidas para abordar el desarrollo y las necesidades de mejora identificadas durante las evaluaciones de desempeño? | H60: 7. Se encuentra en implementacion
C61: ¿La empresa tiene identificado los procedimientos sobre cómo se utilizan los resultados de las evaluaciones de desempeño para tomar decisiones sobre compensación, promociones y oportunidades de crecimiento?
C62: ¿La emorssa tiene establecido en qué medida se evalúa el desempeño en función de los valores y metas de la organización, además de las responsabilidades laborales? | H62: 8. Ya esta implementado
C63: TOTAL | D63: =SUM(D57:D62) -> 0 | H63: 9. Está implementado y socializado al 100%
B64: FASE | C64: DESCRIPCION | D64: EVALUACION | F64: EVALUACION PORCENTUAL | H64: 10. Se cuenta con indicadores, seguimiento, evaluacion y mejora
B65: DESARROLLO PERSONAL | C65: ¿La empresa cuenta con una estrategia general de desarrollo del personal y esta estrategica se alinea con los objetivos organizacionales? | E65: 60 | F65: =(D71/E65) -> 0
C66: ¿La empresa cuenta con programas de capacitación y desarrollo ofrecen a los empleados para mejorar sus habilidades y competencias?
C67: ¿La empresa cuenta con un proceso para determinar las necesidades individuales de desarrollo de los empleados y cuenta con el diseño de programas personalizados?
C68: ¿La empresa tiene identificados los indicadores clave de rendimiento que utilizan para medir el éxito de los programas de desarrollo del personal?
C69: En la empresa se evalúan la efectividad de los programas de desarrollo y realizan ajustes según los resultados
C70: En al empresa se evalua el impacto tangible que han observado en la retención, el compromiso y el desempeño de los empleados como resultado de sus iniciativas de desarrollo del personal?
C71: TOTAL | D71: =SUM(D65:D70) -> 0
B72: FASE | C72: DESCRIPCION | D72: EVALUACION | E72: PUNTAJE MAXIMO | F72: EVALUACION PORCENTUAL
B73: COMPETENCIAS | C73: Se han identificado las competencias generales, corporativas y laborales en la empresa | E73: 70 | F73: =(D80/70) -> 0
C74: ¿La empresa posee un proceso formal sobre Cómo identifican y definen las competencias clave requeridas para cada puesto en la organización?
C75: ¿La empresa tiene establecidos los métodos que utilizan para evaluar las competencias de los empleados, como pruebas técnicas, ejercicios prácticos, evaluaciones de desempeño, etc.?
C76: ¿Las evaluaciones de competencias están alineadas con los objetivos estratégicos y las necesidades de la organización?
C77: ¿La empresa cuenta con mecanismos para actualizar las evaluaciones de competencias petinentes en un entorno laboral en constante cambio?
C78: Se realiza mediciones del desempeño laboral en la empresa
C79: ¿La empresa posee mecanismos puestos en marcha para revisar y mejorar continuamente el proceso de evaluación de competencias en función de los resultados y las retroalimentaciones?
C80: TOTAL | D80: =SUM(D73:D79) -> 0
B81: FASE | C81: DESCRIPCION | D81: EVALUACION | F81: EVALUACION PORCENTUAL
B82: ADMINISTRACION DE PERSONAL | C82: ¿La empresa posee un programa formal de indiuccion y capacitacion al personal? | E82: 90 | F82: =D91/E82 -> 0
C83: ¿La empresa cuenta con un proceso formal de vinculacion y/o desvinculacion del peronal a la seguridad social del personal?
C84: ¿Se cuenta con una evaluacion medica al ingreso y egreso del personal?
C85: ¿La empresa cuenta con un proceso formal para el seguimiento y registro de la asistencia, horarios y permisos de los empleados?
C86: ¿La empresa tiene establecidos mecanmismos para cumplir las normas de seguridad y salud en el trabajo?
C87: ¿La empresa tiene procesos formales y sistematizados para el manejo de nomina, para fiscales, vacaciones, horas extras, seguridad social y liquidacion del personal?
C88: La empresa posee estrategiasn para fomentar la comunicación interna y mantener a los empleados informados sobre las novedades y cambios en la empresa?
C89: ¿La empresa posee mecanismos para promover la participación y el empoderamiento de los empleados en la toma de decisiones y en la generación de ideas para mejorar la organización?
C90: ¿La empresa posee mecanismos formales para el manejo de los conflictos y las relaciones laborales en la organización?
C91: TOTAL | D91: =SUM(D82:D90) -> 0
B92: FASE | C92: DESCRIPCION | D92: EVALUACION | F92: EVALUACION PORCENTUAL
B93: CLIMA Y CULTURA ORGANIZACIONAL | C93: ¡La empresa cuenta con uan definicion de cultura organizacional, valores, creencias, normas compartidas y ha desarrollado actrividades continuas para su divulgacion? | E93: 80 | F93: =D101/E93 -> 0
C94: ¿La empresa posee medidas que se toman para fomentar un ambiente de trabajo inclusivo y diverso, donde los empleados se sientan valorados y respetados?
C95: La empresa posee mecanismos para promover la cooperación y la sinergia entre las areas y entre el personal?
C96: ¿La empresa posee iniciativas que se implementan para cuidar del bienestar emocional y mental de los empleados? ¿Se ofrecen recursos de apoyo?
C97: Loa empresa tiene iniciativas implementadas para cuidar del bienestar emocional y mental de los empleados? ¿Se ofrecen recursos de apoyo?
C98: ¿Secuentan con práctica para reconocer y recompensar los logros y contribuciones de los empleados?
C99: ¿Se fomenta un liderazgo participativo y orientado al desarrollo de las personas?
C100: ¿Se realizan mediciones anuales del clima y la cultura organizacional de la empresa?
C101: TOTAL | D101: =SUM(D93:D100) -> 0
B102: FASE | C102: DESCRIPCION | D102: EVALUACION | F102: EVALUACION PORCENTUAL
B103: BIENESTAR | C103: Se ha caracterizado el nivel de bienestar entre los colabradores y sus familias | E103: 50 | F103: =(D108/30) -> 0
C104: La empresa cuenta con mecanismos para evaluar la satisfacción general del colaborador con su trabajo y su entorno laboral?
...

Sheet 4.1 PORTER
A1: ANALISIS DE LAS CINCO FUERZAS COMPETITIVAS DE PORTER
A3: ANALISIS APLICADO AL SECTOR DE LA EMPRESA | C3: =INDICE!I1 -> 0
C5: Muy poco atractivo | D5: Atractivo | E5: Neutro | F5: Atractivo | G5: Muy atractivo | I5: 1 | K5: IR AL INDICE
A6: Amenaza de entrada | C6: 1 | D6: 2 | E6: 3 | F6: 4 | G6: 5 | K6: IR AL FINAL
A7: Economias de escala por oferta | B7: Pequeñas | G7: 5 | H7: Grandes
A8: Economias de escala por demanda | B8: Grandes | C8: 1 | H8: Pequeñas
A9: Costos para los clientes por cambio de proveedor | B9: Bajos | G9: 5 | H9: Altos
A10: Requisitos de capital | B10: Altos | E10: 3 | H10: Bajos
A11: Experiencia y efectos de aprendizaje | B11: Mucha | E11: 3 | H11: Poca
A12: Regulacion del mercado | B12: Mucha | F12: 4 | H12: Poca
A13: Acceso desigual a canales de distribucion | B13: Mucha | F13: 4 | H13: Poca
A14: Identificacion de la marca | B14: Mucha | F14: 4 | H14: Poca
A15: Politicas gubernamentales restrictivas | B15: Mucha | G15: 5 | H15: Poca
A16: Alianza entre competidores | B16: Sin importancia | G16: 5 | H16: Muy importante
A17: ATRACTIVO PROMEDIO DE FUERZA | C17: =SUM(C7:C16) -> 1 | D17: =SUM(D7:D16) -> 0 | E17: =SUM(E7:E16) -> 6 | F17: =SUM(F7:F16) -> 12 | G17: =SUM(G7:G16) -> 20
A18: Poder de los proveedores | I18: 2
A19: Más concentrado que el sector al cual vende | B19: Poca concentracion | G19: 5 | H19: Mucha concentracion
A20: Los grupos de proveedores no dependen fuertemente del sector para generar ingresos | B20: Poca dependencia | F20: 4 | H20: Mucha dependencia
A21: Los participantes del sector deben asumir costos por cambio de proveedor | B21: Muchos | F21: 4 | H21: Pocos
A22: Los proveedores ofrecen productos diferenciados | B22: Muy diferenciados | F22: 4 | H22: Poco Diferenciados
A23: No existe sustituto para lo que ofrece el proveedor | B23: muchos sustitutos | G23: 5 | H23: Pocos sustitutos
A24: Amenaza del proveedor de integrarse hacia adelante | B24: Muchas | E24: 3 | H24: Pocas
A25: ATRACTIVO PROMEDIO DE FUERZA | C25: =SUM(C18:C24) -> 0 | D25: =SUM(D18:D24) -> 0 | E25: =SUM(E18:E24) -> 3 | F25: =SUM(F18:F24) -> 12 | G25: =SUM(G18:G24) -> 10
A26: El poder de los compradores | I26: 3
A27: Hay pocos compradores o cada uno compra altos volumenes | B27: Pocos | E27: 3 | H27: Muchos
A28: Los servicios son estandarizados o poco diferenciados | B28: Muy diferenciados | D28: 2 | H28: Poco diferenciados
A29: Los compradores asumen costos por cambio de proveedor | B29: Costos bajos | F29: 4 | H29: Costos Altos
A30: Amenaza de compradores de integrarse hacia atrás | B30: Amenaza alta | F30: 4 | H30: Amenaza baja
A31: Producto representa una parte importante de los costos del consumidor | B31: Poco importante | F31: 4 | H31: Muy importante
A32: Utilidades bajas, altos costos en el comprador | B32: Utilidades bajas | F32: 4 | H32: Utilidades altas
A33: Calidad de servicio del comprador no se ve afectada por la calidad del servicio del sector | B33: Poco afectado | G33: 5 | H33: Muy afectado
A34: El producto surte poco efecto en los costos del comprador | B34: Bajo efecto en costos | G34: 5 | H34: Alto efecto en costos
A35: ATRACTIVO PROMEDIO DE FUERZA | C35: =SUM(C26:C34) -> 0 | D35: =SUM(D26:D34) -> 2 | E35: =SUM(E26:E34) -> 3 | F35: =SUM(F26:F34) -> 16 | G35: =SUM(G26:G34) -> 10
A36: Amenaza de sustitutos | G36: 5 | I36: 4
A37: Se ofrece atractiva combinacion de precio y desempeño respecto al servicio del sector | B37: Muy atractiva | G37: 5 | H37: Poco atractiva
A38: Costo para el comprador por cambiar al sustituto es bajo | B38: Costo bajo | G38: 5 | H38: Costo alto
A39: ATRACTIVO PROMEDIO DE FUERZA | C39: =SUM(C36:C38) -> 0 | D39: =SUM(D36:D38) -> 0 | E39: =SUM(E36:E38) -> 0 | F39: =SUM(F36:F38) -> 0 | G39: =SUM(G36:G38) -> 15
A40: Rivalidad entre competidores | I40: 5
A41: Los competidores son varios o similares en tamaño y potencia | B41: Varios | F41: 4 | H41: Pocos
A42: Crecimiento del sector | B42: Lento | F42: 4 | H42: Rapido
A43: Barreras de salida | B43: Altas | E43: 3 | H43: Bajas
A44: Rivales comprometidos con ser lideres | B44: Muy comprometidos | E44: 3 | H44: Poco comprometidos
A45: Las empresas no son capaces de entender sus señales de mercado | B45: Muy capaces | E45: 3 | H45: Poco capaces
A46: Rivalidad en precio | B46: Altas | D46: 2 | H46: Bajas
A47: Productos o servicios casi identicos | B47: Mucho | D47: 2 | H47: Poco
A48: Costos fijos altos y costos marginales bajos | B48: Altos | C48: 1 | H48: Bajos
A49: Capacidad de produccion debe ser expandida en grandes cantidades para ser eficaz | B49: Mucha cantidad | C49: 1 | H49: Poca cantidad
A50: El producto es perecedero | B50: Perecedero | C50: 1 | H50: No perecedero
A51: ATRACTIVO PROMEDIO DE FUERZA | C51: =SUM(C40:C50) -> 3 | D51: =SUM(D40:D50) -> 4 | E51: =SUM(E40:E50) -> 9 | F51: =SUM(F40:F50) -> 8 | G51: =SUM(G40:G50) -> 0
A52: ATRACTIVO GENERAL PROMEDIO DE FUERZA | C52: =(C51+D51+E51+F51+G51+C39+D39+E39+F39+G39+C25+D25+E25+F25+G25+C17+D17+E17+F17+G17+C35+D35+E35+F35+G35)/(38*5) -> 0.70526316 | I52: 6
C55: RESULTADOS DEL ANALISIS DE PORTER | J55: IR AL INDICE
C56: REGLA DE ANALISIS
C57: Muy poco atractivo | D57: Poco Atractivo | E57: Neutro | F57: Atractivo | G57: Muy atractivo
C58: 0-20% | D58: 21-40% | E58: 41-60% | F58: 61%80% | G58: 81-100%
C60: RESULTADO DEL ANALISIS PARA EL SECTOR DE INTERES
C61: =C52 -> 0.70526316

Sheet 4.2 PERFIL COMPET
B2: MATRIZ DE PERFIL COMPETITIVO
A3: ANALISIS APLICADO AL SECTOR DE LA EMPRESA | C3: =INDICE!I1 -> 0
D5: EF Education First | F5: Kaplan International | H5: Global Connection | J5: EduNova | L5: WS Estudio en el exterior | N5: PROMEDIO | Q5: IR AL INDICE
B6: FACTORES CRITICOS DE ÉXITO | C6: PESO | D6: Calif | E6: Pond | F6: Calif | G6: Pond | H6: Calif | I6: Pond | J6: Calif | K6: Pond | L6: Calif | M6: Pond | N6: Calif | O6: Pond | Q6: IR A GRAFICO
A7: 1 | B7: Mercadeo | C7: 0.09 | D7: 10 | E7: =C7*D7 -> 0.9 | F7: 9 | G7: =F7*C7 -> 0.81 | H7: 7 | I7: =H7*C7 -> 0.63 | J7: 6 | K7: =J7*C7 -> 0.54 | L7: 7 | M7: =L7*C7 -> 0.63 | N7: =(D7+F7+H7+J7++L7)/5 -> 7.8 | O7: =(E7+G7+I7+K7+M7)/5 -> 0.702
A8: 2 | B8: Antigüedad y region | C8: 0.08 | D8: 9 | E8: =C8*D8 -> 0.72 | F8: 9 | G8: =F8*C8 -> 0.72 | H8: 7 | I8: =H8*C8 -> 0.56 | J8: 5 | K8: =J8*C8 -> 0.4 | L8: 6 | M8: =L8*C8 -> 0.48 | N8: =(D8+F8+H8+J8++L8)/5 -> 7.2 | O8: =(E8+G8+I8+K8+M8)/5 -> 0.576
A9: 3 | B9: Gestion y control | C9: 0.08 | D9: 9 | E9: =C9*D9 -> 0.72 | F9: 8 | G9: =F9*C9 -> 0.64 | H9: 8 | I9: =H9*C9 -> 0.64 | J9: 7 | K9: =J9*C9 -> 0.56 | L9: 7 | M9: =L9*C9 -> 0.56 | N9: =(D9+F9+H9+J9++L9)/5 -> 7.8 | O9: =(E9+G9+I9+K9+M9)/5 -> 0.624
A10: 4 | B10: Tecnologia | C10: 0.08 | D10: 8 | E10: =C10*D10 -> 0.64 | F10: 8 | G10: =F10*C10 -> 0.64 | H10: 6 | I10: =H10*C10 -> 0.48 | J10: 6 | K10: =J10*C10 -> 0.48 | L10: 6 | M10: =L10*C10 -> 0.48 | N10: =(D10+F10+H10+J10++L10)/5 -> 6.8 | O10: =(E10+G10+I10+K10+M10)/5 -> 0.544
A11: 5 | B11: Lealtad de clientes | C11: 0.08 | D11: 8 | E11: =C11*D11 -> 0.64 | F11: 8 | G11: =F11*C11 -> 0.64 | H11: 7 | I11: =H11*C11 -> 0.56 | J11: 7 | K11: =J11*C11 -> 0.56 | L11: 7 | M11: =L11*C11 -> 0.56 | N11: =(D11+F11+H11+J11++L11)/5 -> 7.4 | O11: =(E11+G11+I11+K11+M11)/5 -> 0.592
A12: 6 | B12: Participacion de mercado | C12: 0.08 | D12: 9 | E12: =C12*D12 -> 0.72 | F12: 8 | G12: =F12*C12 -> 0.64 | H12: 6 | I12: =H12*C12 -> 0.48 | J12: 5 | K12: =J12*C12 -> 0.4 | L12: 6 | M12: =L12*C12 -> 0.48 | N12: =(D12+F12+H12+J12++L12)/5 -> 6.8 | O12: =(E12+G12+I12+K12+M12)/5 -> 0.544
A13: 7 | B13: Portafolio de servicios - productos | C13: 0.09 | D13: 10 | E13: =C13*D13 -> 0.9 | F13: 9 | G13: =F13*C13 -> 0.81 | H13: 7 | I13: =H13*C13 -> 0.63 | J13: 6 | K13: =J13*C13 -> 0.54 | L13: 6 | M13: =L13*C13 -> 0.54 | N13: =(D13+F13+H13+J13++L13)/5 -> 7.6 | O13: =(E13+G13+I13+K13+M13)/5 -> 0.684
A14: 8 | B14: Servicio al cliente | C14: 0.08 | D14: 9 | E14: =C14*D14 -> 0.72 | F14: 8 | G14: =F14*C14 -> 0.64 | H14: 8 | I14: =H14*C14 -> 0.64 | J14: 8 | K14: =J14*C14 -> 0.64 | L14: 8 | M14: =L14*C14 -> 0.64 | N14: =(D14+F14+H14+J14++L14)/5 -> 8.2 | O14: =(E14+G14+I14+K14+M14)/5 -> 0.656
A15: 9 | B15: Personal y perfil | C15: 0.08 | D15: 9 | E15: =C15*D15 -> 0.72 | F15: 8 | G15: =F15*C15 -> 0.64 | H15: 7 | I15: =H15*C15 -> 0.56 | J15: 6 | K15: =J15*C15 -> 0.48 | L15: 7 | M15: =L15*C15 -> 0.56 | N15: =(D15+F15+H15+J15++L15)/5 -> 7.4 | O15: =(E15+G15+I15+K15+M15)/5 -> 0.592
A16: 11 | B16: Precios | C16: 0.09 | D16: 7 | E16: =C16*D16 -> 0.63 | F16: 7 | G16: =F16*C16 -> 0.63 | H16: 8 | I16: =H16*C16 -> 0.72 | J16: 6 | K16: =J16*C16 -> 0.54 | L16: 7 | M16: =L16*C16 -> 0.63 | N16: =(D16+F16+H16+J16++L16)/5 -> 7 | O16: =(E16+G16+I16+K16+M16)/5 -> 0.63
A17: 12 | B17: Equipos | C17: 0.08 | D17: 8 | E17: =C17*D17 -> 0.64 | F17: 8 | G17: =F17*C17 -> 0.64 | H17: 7 | I17: =H17*C17 -> 0.56 | J17: 7 | K17: =J17*C17 -> 0.56 | L17: 6 | M17: =L17*C17 -> 0.48 | N17: =(D17+F17+H17+J17++L17)/5 -> 7.2 | O17: =(E17+G17+I17+K17+M17)/5 -> 0.576
A18: 13 | B18: Segmento del mercado | C18: 0.09 | D18: 10 | E18: =C18*D18 -> 0.9 | F18: 9 | G18: =F18*C18 -> 0.81 | H18: 7 | I18: =H18*C18 -> 0.63 | J18: 5 | K18: =J18*C18 -> 0.45 | L18: 7 | M18: =L18*C18 -> 0.63 | N18: =(D18+F18+H18+J18++L18)/5 -> 7.6 | O18: =(E18+G18+I18+K18+M18)/5 -> 0.684
B19: Total | C19: =SUM(C7:C18) -> 1 | D19: TOTAL | E19: =SUM(E7:E18) -> 8.85 | F19: TOTAL | G19: =SUM(G7:G18) -> 8.26 | H19: TOTAL | I19: =SUM(I7:I18) -> 7.09 | J19: TOTAL | K19: =SUM(K7:K18) -> 6.15 | L19: TOTAL | M19: =SUM(M7:M18) -> 6.67 | N19: TOTAL | O19: =SUM(O7:O18) -> 7.404

Sheet 4.3 ANSOFF
B1: MATRIZ DE ANSOFF
B3: ANALISIS APLICADO A LA EMPRESA | E3: =INDICE!I1 -> 0 | I3: IR AL INDICE
E5: Análisis PRODUCTO / MERCADO
C10: EXISTEN (los tenemos) | G10: NO EXISTEN (nuevos productos)
B11: EXISTEN (los conocemos) | C11: 1 | D11: PENETRACIÓN (mejorar) | G11: 3 | H11: DESARROLLO nuevos productos
C12: 1 | G12: 1
C13: 2 | G13: 2
C14: 3 | G14: 3
C15: 4 | G15: 4
C16: 5 | G16: 5
C17: 6 | G17: 6
C18: 7 | G18: 7
C19: 8 | G19: 8
C20: 9 | G20: 9
C21: 10 | G21: 10
B23: NUEVOS (No los conocemos) | C23: 2 | D23: DESARROLLO nuevos mercados | G23: 4 | H23: DIVERSIFICACIÓN
C24: 1 | G24: 1
C25: 2 | G25: 2
C26: 3 | G26: 3
C27: 4 | G27: 4
C28: 5 | G28: 5
C29: 6 | G29: 6
C30: 7 | G30: 7
C31: 8 | G31: 8
C32: 9 | G32: 9
C33: 10 | G33: 10

Sheet 4.2 BCG
B1: ANALISIS DEL BOSTON CONSULTING GROUP
B3: ANALISIS APLICADO A LA EMPRESA | E3: ='4.3 ANSOFF'!E3:H3 -> 0
L4: IR AL INDICE
B5: PRODUCTOS | C5: VENTAS | D5: PROPORCIÓN CARTERA NEGOCIO | E5: VENTAS LIDER | F5: VENTAS SECTOR AÑO ACTUAL | G5: VENTAS SECTOR AÑO ANTERIOR | H5: TASA CRECIMIENTO MERCADO | I5: CUOTA MERCADO RELATIVA | J5: CASILLAS MATRIZ BCG
C6: a | E6: b | F6: t | G6: t-1 | H6: = (t-t-1)/t-1 | I6: = a/b
B7: EMPRESA 1 | C7: 130000 | D7: =C7/C$18 -> 0.3117506 | E7: 60000 | F7: 300000 | G7: 260000 | H7: =(F7-G7)/G7*100 -> 15.384615 | I7: =C7/E7 -> 2.1666667 | J7: ESTRELLA
B8: EMPRESA 2 | C8: 200000 | D8: =C8/C$18 -> 0.47961631 | E8: 350000 | F8: 700000 | G8: 680000 | H8: =(F8-G8)/G8*100 -> 2.9411765 | I8: =C8/E8 -> 0.57142857 | J8: PESO MUERTO
B9: EMPRESA 3 | C9: 67000 | D9: =C9/C$18 -> 0.16067146 | E9: 40000 | F9: 200000 | G9: 198000 | H9: =(F9-G9)/G9*100 -> 1.010101 | I9: =C9/E9 -> 1.675 | J9: VACAS
B10: EMPRESA 4 | C10: 15000 | D10: =C10/C$18 -> 0.035971223 | E10: 34000 | F10: 60000 | G10: 50000 | H10: =(F10-G10)/G10*100 -> 20 | I10: =C10/E10 -> 0.44117647 | J10: DILEMA
B11: EMPRESA 5 | C11: 5000 | D11: =C11/C$18 -> 0.011990408 | E11: 10000 | F11: 15000 | G11: 12000 | H11: =(F11-G11)/G11*100 -> 25 | I11: =C11/E11 -> 0.5 | J11: DILEMA
B18: TOTALES | C18: =SUM(C7:C17) -> 417000 | D18: =SUM(D7:D17) -> 1 | E18: =SUM(E7:E17) -> 494000 | F18: =SUM(F7:F17) -> 1275000 | G18: =SUM(G7:G17) -> 1200000

Sheet 4.3 ADL
B1: MATRIZ ESTRATEGICA ADL (ARTHUR D. LITTLE)
B3: ANALISIS APLICADO A LA EMPRESA | D3: =INDICE!I1 -> 0 | G3: IR AL INDICE
C6: MADUREZ DEL SECTOR
B7: POSICIÓN COMPETITIVA | D7: Inicio | E7: Crecimiento | F7: Madurez | G7: Decadencia
C8: Dominante
C9: Fuerte
C10: Favorable
C11: Débil
C12: Marginal
D15: Figuras para ubicar en el cuadro
B35: Estrategias según la posición
C37: MADUREZ DEL SECTOR
B38: POSICIÓN COMPETITIVA | D38: Inicio | E38: Crecimiento | F38: Madurez | G38: Decadencia | H38: IR AL INDICE
C39: Dominante | D39: Mantener la posición. Luchar por incrementar la cuota | E39: Mantener la posición. Crecer con el sector. | F39: Mantener la posición. Lucha por mantener la cuota | G39: Mantener la posición. | H39: IR AL INICIO
C40: Fuerte | D40: Luchar por mejorar la posición y la cuota | E40: Luchar por mejorar la posición y la cuota | F40: Mantener la posición. Lucha por mantener la cuota | G40: Mantener la posición, recoger beneficios.
C41: Favorable | D41: Luchar por mejorar la posición y la cuota | E41: Intentar mejorar la posición. Luchar por mejorar la cuota | F41: Mantener la posición. Buscar y defender nicho. | G41: Recoger beneficios y-o retirada progresiva.
C42: Débil | D42: Luchar por una posición | E42: Encontrar un nicho y protegerlo | F42: Tener nicho defendible o abandono progresivo | G42: Retirada progresiva o abandonar
C43: Marginal | D43: Crecer o retirarse | E43: Cambio o abandono | F43: Cambio o retirada progresiva | G43: Abandonar

Sheet 4.4 GE-MCK
B1: MATRIZ ANALISIS GE - MCKINSEY (GENERAL ELECTTRIC - MCKINSEIY)
A3: ANALISIS APLICADO A LA EMPRESA | D3: ='4.3 ADL'!D3:F3 -> 0
C6: Nombre unidades de negocio | G6: VENTAS | H6: % Cuota interna | J6: Evaluación (media) | N6: IR AL INDICE
N7: IR AL FINAL
A8: N | C8: 1 | D8: Uno | G8: 25 | H8: =IF(G$13=0,0,G8/G$13) -> 0.25 | J8: =($H$28+$H$43)*50% -> 7.315
A9: UNIDADES de | C9: 2 | D9: Dos | G9: 22 | H9: =IF(G$13=0,0,G9/G$13) -> 0.22 | J9: =($I$28+$I$43)*50% -> 4.88
A10: NEGOCIO | C10: 3 | D10: Tres | G10: 20 | H10: =IF(G$13=0,0,G10/G$13) -> 0.2 | J10: =($J$28+$J$43)*50% -> 3.74
A11: o productos o servicios | C11: 4 | D11: Cuatro | G11: 17 | H11: =IF(G$13=0,0,G11/G$13) -> 0.17 | J11: =($K$28+$K$43)*50% -> 3.885
C12: 5 | D12: Cinco | G12: 16 | H12: =IF(G$13=0,0,G12/G$13) -> 0.16 | J12: =($L$28+$L$43)*50% -> 3.98
C13: Total | G13: =SUM(G8:G12) -> 100
H16: Evaluación de cada unidad de negocio
C17: Factores de competitividad | G17: % IMPORT. | H17: =D8 -> Uno | I17: =D9 -> Dos | J17: =D10 -> Tres | K17: =D11 -> Cuatro | L17: =D12 -> Cinco
A18: C | C18: 1 | D18: Capacidad producción | G18: 0.12 | H18: 8 | I18: 9 | J18: 4 | K18: 4 | L18: 4
C19: 2 | D19: Cuota de mercado | G19: 0.1 | H19: 7 | I19: 8 | J19: 3 | K19: 4 | L19: 3
C20: 3 | D20: Gestión calidad | G20: 0.1 | H20: 8 | I20: 7 | J20: 2 | K20: 2 | L20: 3
A21: COMPETITIVIDAD | C21: 4 | D21: Capacidad comercial | G21: 0.12 | H21: 6 | I21: 7 | J21: 4 | K21: 4 | L21: 4
A22: Factores clave | C22: 5 | D22: Marca | G22: 0.09 | H22: 6 | I22: 6 | J22: 4 | K22: 4 | L22: 4
C23: 6 | D23: Capacidad financiera | G23: 0.09 | H23: 7 | I23: 7 | J23: 3 | K23: 3 | L23: 4
C24: 7 | D24: Liderazgo en costes | G24: 0.09 | H24: 8 | I24: 8 | J24: 4 | K24: 4 | L24: 4
C25: 8 | D25: Capacidad innovación | G25: 0.1 | H25: 6 | I25: 7 | J25: 4 | K25: 5 | L25: 5
C26: 9 | D26: Flexibilidad | G26: 0.09 | H26: 5 | I26: 5 | J26: 4 | K26: 5 | L26: 5
C27: 10 | D27: Márgenes | G27: 0.1 | H27: 8 | I27: 5 | J27: 4 | K27: 4 | L27: 5
C28: Total | G28: =SUM(G18:G27) -> 1 | H28: =($G$18*H18)+($G$19*H19)+($G$20*H20)+($G$21*H21)+($G$22*H22)+($G$23*H23)+($G$24*H24)+($G$25*H25)+($G$26*H26)+($G$27*H27) -> 6.92 | I28: =($G$18*I18)+($G$19*I19)+($G$20*I20)+($G$21*I21)+($G$22*I22)+($G$23*I23)+($G$24*I24)+($G$25*I25)+($G$26*I26)+($G$27*I27) -> 6.96 | J28: =($G$18*J18)+($G$19*J19)+($G$20*J20)+($G$21*J21)+($G$22*J22)+($G$23*J23)+($G$24*J24)+($G$25*J25)+($G$26*J26)+($G$27*J27) -> 3.61 | K28: =($G$18*K18)+($G$19*K19)+($G$20*K20)+($G$21*K21)+($G$22*K22)+($G$23*K23)+($G$24*K24)+($G$25*K25)+($G$26*K26)+($G$27*K27) -> 3.9 | L28: =($G$18*L18)+($G$19*L19)+($G$20*L20)+($G$21*L21)+($G$22*L22)+($G$23*L23)+($G$24*L24)+($G$25*L25)+($G$26*L26)+($G$27*L27) -> 4.09
G29: =IF(G28>100%,"ERROR: El total de % debe sumar siempre 100%",IF(G28<100%,"Por favor completa los % hasta el 100%","")) | H29: =SUM(H18:H27)/10 -> 6.9 | I29: =SUM(I18:I27)/10 -> 6.9 | J29: =SUM(J18:J27)/10 -> 3.6 | K29: =SUM(K18:K27)/10 -> 3.9 | L29: =SUM(L18:L27)/10 -> 4.1
H30: Evaluación de cada unidad de negocio
C31: Factores de atractividad | G31: % IMPORT. | H31: =H17 -> Uno | I31: =I17 -> Dos | J31: =J17 -> Tres | K31: =K17 -> Cuatro | L31: =L17 -> Cinco
A33: A | C33: 1 | D33: Rentabilidad | G33: 0.1 | H33: 10 | I33: 5 | J33: 1 | K33: 1 | L33: 1
C34: 2 | D34: Crecimiento de la demanda | G34: 0.12 | H34: 10 | I34: 5 | J34: 10 | K34: 10 | L34: 10
C35: 3 | D35: Diferenciación productos | G35: 0.15 | H35: 9 | I35: 5 | J35: 9 | K35: 9 | L35: 9
A36: ATRACTIVIDAD | C36: 4 | D36: Competencia | G36: 0.09 | H36: 8 | I36: 5 | J36: 8 | K36: 8 | L36: 8
A37: Factores clave | C37: 5 | D37: Entorno socioeconómico | G37: 0.1 | H37: 5 | I37: 5 | J37: 5 | K37: 5 | L37: 5
C38: 6 | D38: Desarrollo tecnológico | G38: 0.1 | H38: 8
C39: 7 | D39: Proveedores (status) | G39: 0.12 | H39: 7
C40: 8 | D40: Infraestructuras | G40: 0.1 | H40: 7
C41: 9 | D41: Subvenciones y ayudas | G41: 0.06 | H41: 5
C42: 10 | D42: Barreras de entrada | G42: 0.06 | H42: 5
C43: Total | G43: =SUM(G33:G42) -> 1 | H43: =($G$33*H33)+($G$34*H34)+($G$35*H35)+($G$36*H36)+($G$37*H37)+($G$38*H38)+($G$39*H39)+($G$40*H40)+($G$41*H41)+($G$42*H42) -> 7.71 | I43: =($G$33*I33)+($G$34*I34)+($G$35*I35)+($G$36*I36)+($G$37*I37)+($G$38*I38)+($G$39*I39)+($G$40*I40)+($G$41*I41)+($G$42*I42) -> 2.8 | J43: =($G$33*J33)+($G$34*J34)+($G$35*J35)+($G$36*J36)+($G$37*J37)+($G$38*J38)+($G$39*J39)+($G$40*J40)+($G$41*J41)+($G$42*J42) -> 3.87 | K43: =($G$33*K33)+($G$34*K34)+($G$35*K35)+($G$36*K36)+($G$37*K37)+($G$38*K38)+($G$39*K39)+($G$40*K40)+($G$41*K41)+($G$42*K42) -> 3.87 | L43: =($G$33*L33)+($G$34*L34)+($G$35*L35)+($G$36*L36)+($G$37*L37)+($G$38*L38)+($G$39*L39)+($G$40*L40)+($G$41*L41)+($G$42*L42) -> 3.87
A46: Análisis Estratégico - Matriz GE-McKinsey
D47: 1 | E47: 2 | F47: 3 | G47: 4 | H47: 5 | I47: 6 | J47: 7 | K47: 8 | L47: 9 10 | O47: IR AL INDICE
A48: ATRACTIVIDAD DEL NEGOCIO | B48: ALTA | C48: 10 | N48: 10 | O48: IR AL INICIO
C50: 9 | N50: 9
C52: 8 | N52: 8
C54: 7 | N54: 7
B55: MEDIA
C56: 6 | N56: 6
C58: 5 | N58: 5
C60: 4 | N60: 4
B62: BAJA | C62: 3 | N62: 3
C64: 2 | N64: 2
C66: 1 | N66: 1
D70: 1 | E70: 2 | F70: 3 | G70: 4 | H70: 5 | I70: 6 | J70: 7 | K70: 8 | L70: 9 10
D71: BAJA | G71: MEDIA | J71: ALTA
D72: COMPETITIVIDAD DEL NEGOCIO
D75: Análisis Estratégico - Matriz GE-McKinsey
D77: ATRACTIVO: MUY ELEVADO | G77: ATRACTIVO: MUY ELEVADO | J77: ATRACTIVO: MUY ELEVADO
D78: COMPETITIVIDAD: DÉBIL | G78: COMPETITIVIDAD: MEDIA | J78: COMPETITIVIDAD: MUY ALTA
D79: APOSTAR | G79: DESARROLLAR | J79: REFORZAR
D81: invertir si hay posibilidades reales | G81: invertir | J81: invertir fuerte
D82: ATRACTIVO: MEDIO | G82: ATRACTIVO: MEDIO | J82: ATRACTIVO: MEDIO
D83: COMPETITIVIDAD: DEBIL | G83: COMPETITIVIDAD: MEDIA | J83: COMPETITIVIDAD: MUY ALTA
D84: REPLANTEAR | G84: REORIENTAR | J84: MANTENER
D86: quizás desinvertir | G86: cambiar | J86: invertir
D87: ATRACTIVO: BAJO | G87: ATRACTIVO: BAJO | J87: ATRACTIVO: BAJO
D88: COMPETITIVIDAD: DÉBIL | G88: COMPETITIVIDAD: MEDIA | J88: COMPETITIVIDAD: MUY ALTA
D89: DESINVERTIR | G89: SALIR CON ORDEN | J89: COSECHAR
D91: abandonar - liquidar | G91: desinvertir | J91: sacar provecho sin invertir
B94: =[1]IND!$J$23 -> MI EMPRESA | C94: Líneas estratégicas por unidades de negocio
B96: Unidades de Negocio | C96: Líneas estratégicas | H96: 2020 - 2023
B98: Uno
B103: Dos
B108: Tres
B113: Cuatro
B118: Cinco

Sheet EVALUACION CADENA DE VALOR
C2: EVALUACION DE LA CADENA DE VALOR POR COMPONENTES
A5: 1. APROVISIONAMIENTOS - COMPRAS | D5: EVALUACION | E5: PUNTAJE MAXIMO | F5: % ACTUAL
A6: 1. APROVISIONAMIENTOS - COMPRAS | B6: 1 | C6: ¿el objetivo principal del proceso de abastecimiento o compras en la empresa se encuentra establecido y se mide su efectividad? | D6: 4 | E6: 170 | F6: =D23/E6 -> 0.61176471
B7: 2 | C7: ¿La empresa tiene establecido el rol y la participacion de cada area en el proceso de abastecimiento? | D7: 6
B8: 3 | C8: ¿Se hace seguimiento a esto? | D8: 7
B9: 4 | C9: ¿Cuál es el presupuesto asignado para el área de compras y cómo se ha venido gestionando? | D9: 6
B10: 5 | C10: ¿Se ha establecido un procedimiento formal para el proceso de compras? | D10: 3
B11: 6 | C11: ¿Cuál es su alcance y cómo se está siguiendo? | D11: 6 | H11: FORMA DE CALIFICAR
B12: 7 | C12: ¿Se cuenta con un procedimiento para seleccionar a los proveedores actuales y este se aplica? | D12: 8 | H12: 1. No tiene idea del tema
B13: 8 | C13: ¿Existe un proceso de evaluación de proveedores establecido y se aplica? | D13: 8 | H13: 2. Ha escuchado algo
B14: 9 | C14: ¿Se tiene establecidos los criterios que se utilizan para tomar decisiones de compra? | D14: 7 | H14: 3. Está estudiando el tema
B15: 10 | C15: ¿Se consideran aspectos como calidad, precio, tiempo de entrega, sostenibilidad, entre otros? | D15: 6 | H15: 4. Ya comprende y conoce el tema
B16: 11 | C16: ¿Se han identificado oportunidades para mejorar la eficiencia y efectividad del proceso de abastecimiento? | D16: 8 | H16: 5. Ha decidio su implementacion en la empresa
B17: 12 | C17: ¿Cuáles son las iniciativas de mejora implementadas o planificadas? | D17: 9 | H17: 6. Ha iniciado la implementacion
B18: 13 | C18: ¿Existe una gestión adecuada de los inventarios y el stock de productos? | D18: 7 | H18: 7. Se encuentra en implementacion
B19: 14 | C19: ¿Se lleva un control de los niveles de inventario y su rotación? | D19: 6 | H19: 8. Ya esta implementado
B20: 15 | C20: ¿Cómo se están manejando los contratos con proveedores? | D20: 4 | H20: 9. Está implementado y socializado al 100%
B21: 16 | C21: ¿Se están cumpliendo los términos acordados y se realizan negociaciones de manera periódica? | D21: 4 | H21: 10. Se cuenta con indicadores, seguimiento, evaluacion y mejora
B22: 17 | C22: ¿Se han identificado riesgos asociados al proceso de abastecimiento, como posibles escaseces de materias primas o fluctuaciones de precios? ¿Se tienen planes de contingencia para hacerles frente? | D22: 5
C23: TOTAL | D23: =SUM(D6:D22) -> 104
A25: 2. DESARROLLO TECNOLÓGICO | D25: EVALUACION | E25: PUNTAJE MAXIMO | F25: % ACTUAL
A26: 2. DESARROLLO TECNOLÓGICO | B26: 1 | C26: ¿Cuál es el nivel de adopción de tecnologías en la empresa? | E26: 130 | F26: =(D40/E26)*100 -> 0
B27: 2 | C27: ¿Se han implementado tecnologías modernas y adecuadas para el tipo de negocio?
B28: 3 | C28: ¿Qué sistemas o software utiliza la empresa para gestionar sus operaciones y procesos internos? | H28: FORMA DE CALIFICAR
B29: 4 | C29: ¿La empresa tiene un equipo de profesionales de tecnología de la información (TI) que se encargue de mantener y actualizar los sistemas y equipos tecnológicos? | H29: 1. No tiene idea del tema
B30: 5 | C30: ¿La empresa cuenta con una estrategia de transformación digital? | H30: 2. Ha escuchado algo
B31: 6 | C31: ¿Se han establecido metas y objetivos claros para la implementación de tecnologías digitales? | H31: 3. Está estudiando el tema
B32: 7 | C32: ¿Se han adoptado tecnologías que mejoren la eficiencia y productividad de la empresa, como automatización de procesos o inteligencia artificial? | H32: 4. Ya comprende y conoce el tema
B33: 8 | C33: ¿Existe una infraestructura de tecnología adecuada que soporte las necesidades actuales y futuras de la empresa? | H33: 5. Ha decidio su implementacion en la empresa
B34: 9 | C34: ¿Se ha invertido en capacitación y formación para que los empleados utilicen eficientemente las herramientas tecnológicas disponibles? | H34: 6. Ha iniciado la implementacion
B35: 10 | C35: ¿La empresa realiza seguimiento y medición del rendimiento de las tecnologías implementadas? | H35: 7. Se encuentra en implementacion
B36: 11 | C36: ¿Cómo se evalúa su impacto en la productividad y rentabilidad? | H36: 8. Ya esta implementado
B37: 12 | C37: ¿La empresa está al tanto de las tendencias tecnológicas relevantes para su industria? | H37: 9. Está implementado y socializado al 100%
B38: 13 | C38: ¿Cómo se aborda la ciberseguridad y la protección de datos en la empresa? | H38: 10. Se cuenta con indicadores, seguimiento, evaluacion y mejora
C39: ¿Existen políticas y medidas de seguridad para proteger la información y la privacidad de los clientes y empleados?
C40: TOTAL | D40: =SUM(D26:D38) -> 0
A42: 3. RECURSOS HUMANOS | D42: EVALUACION | E42: PUNTAJE MAXIMO | F42: % ACTUAL
A43: 3. RECURSOS HUMANOS | B43: 1 | C43: ¿Existe un proceso estructurado e implementado sobre como se recluta y selecciona al personal en la empresa? | E43: 180 | F43: =(D61/E43)*100 -> 0
B44: 2 | C44: ¿Existe un proceso formal y estructurado para la contratación de nuevos empleados?
B45: 3 | C45: Se cuenta con objetivos definidos en la empresa respecto a la capacitación y desarrollo de sus empleados? | H45: FORMA DE CALIFICAR
B46: 4 | C46: ¿Se ofrecen oportunidades de formación y crecimiento profesional? | H46: 1. No tiene idea del tema
B47: 5 | C47: ¿Se cuenta con un proceso de evaluación del desempeño de los empleados en la empresa? | H47: 2. Ha escuchado algo
B48: 6 | C48: ¿Se realizan evaluaciones periódicas y se brindan retroalimentaciones para el desarrollo del talento? | H48: 3. Está estudiando el tema
B49: 7 | C49: ¿Existe una política de compensación y beneficios competitiva en la empresa? | H49: 4. Ya comprende y conoce el tema
B50: 8 | C50: ¿Se revisan regularmente los salarios y beneficios para mantenerse actualizados con el mercado? | H50: 5. Ha decidio su implementacion en la empresa
B51: 9 | C51: ¿Se tiene claridad sobre qué medidas implementar para promover un ambiente laboral positivo y motivador? | H51: 6. Ha iniciado la implementacion
B52: 10 | C52: ¿Se fomenta el trabajo en equipo y la colaboración? | H52: 7. Se encuentra en implementacion
B53: 11 | C53: ¿Se llevan a cabo programas de bienestar para los empleados, como actividades recreativas, salud física y mental, entre otros? | H53: 8. Ya esta implementado
B54: 12 | C54: ¿Se cuenta con un proceso formal para la retención de talento en la empresa? | H54: 9. Está implementado y socializado al 100%
B55: 13 | C55: ¿La empresa ha identificado las estrategias que deben implementarse para asegurar que los empleados se sientan comprometidos y permanezcan en la organización a largo plazo? | H55: 10. Se cuenta con indicadores, seguimiento, evaluacion y mejora
B56: 14 | C56: ¿Existe una política clara para la resolución de conflictos y la gestión de relaciones laborales?
B57: 15 | C57: ¿Cómo se manejan las quejas y problemas entre empleados?
B58: 16 | C58: ¿Se realizan encuestas de clima laboral o feedback de los empleados para medir su satisfacción y opinión sobre el ambiente de trabajo?
B59: 17 | C59: ¿El área de Recursos Humanos tiene una función estratégica en la empresa?
B60: 18 | C60: ¿Participa en la planificación a largo plazo y en la toma de decisiones relacionadas con el talento humano?
C61: TOTAL | D61: =SUM(D43:D60) -> 0
A63: 4. INFRAESTRUCTURA DE LA EMPRESA | D63: EVALUACION | E63: PUNTAJE MAXIMO | F63: % ACTUAL
A64: 4. INFRAESTRUCTURA de la EMPRESA | B64: 1 | C64: ¿La ubicación física de la empresa es adecuada para su operación? | E64: 130 | F64: =D77/E64 -> 0
B65: 2 | C65: ¿Se encuentra en un lugar estratégico para atender a clientes, proveedores y empleados?
B66: 3 | C66: ¿Cómo es el estado general de los edificios, oficinas o instalaciones de la empresa?
B67: 4 | C67: ¿Los edificios, oficinas, instalaciones y equipos se mantienen en buen estado y se realizan labores de mantenimiento regularmente? | H67: FORMA DE CALIFICAR
B68: 5 | C68: ¿La empresa cuenta con la infraestructura tecnológica necesaria para sus operaciones? | H68: 1. No tiene idea del tema
B69: 6 | C69: ¿Se dispone de equipos de cómputo, servidores, software y redes adecuadas? | H69: 2. Ha escuchado algo
B70: 7 | C70: ¿El área de producción (si aplica) cuenta con maquinaria y equipos en óptimas condiciones para la fabricación o prestación de servicios? | H70: 3. Está estudiando el tema
B71: 8 | C71: ¿Existe una infraestructura de telecomunicaciones que permita una comunicación efectiva tanto interna como externa? | H71: 4. Ya comprende y conoce el tema
B72: 9 | C72: ¿La empresa dispone de sistemas de seguridad y control de acceso adecuados para proteger sus activos físicos y la información sensible? | H72: 5. Ha decidio su implementacion en la empresa
B73: 10 | C73: ¿La infraestructura cumple con las normativas y regulaciones de seguridad, salud ocupacional y ambientales correspondientes? | H73: 6. Ha iniciado la implementacion
B74: 11 | C74: ¿La capacidad de almacenamiento y distribución de productos o materiales es suficiente para satisfacer la demanda y mantener un flujo de operaciones eficiente? | H74: 7. Se encuentra en implementacion
B75: 12 | C75: ¿Se han implementado medidas de sostenibilidad y eficiencia energética en la infraestructura de la empresa? | H75: 8. Ya esta implementado
B76: 13 | C76: ¿La empresa cuenta con planes de contingencia y recuperación ante posibles eventos disruptivos que puedan afectar la infraestructura? | H76: 9. Está implementado y socializado al 100%
C77: TOTAL | D77: =SUM(D64:D76) -> 0 | H77: 10. Se cuenta con indicadores, seguimiento, evaluacion y mejora
A79: 5. OPERACIONES | D79: EVALUACION | E79: PUNTAJE MAXIMO | F79: % ACTUAL
A80: 5. OPERACIONES | B80: 1 | C80: ¿La empresa cuenta con una estructura organizativa del área operativa? | E80: 160 | F80: =D96/E80 -> 0
B81: 2 | C81: ¿La empresa cuenta con mecanismos formales establecidos para la distribucion de las responsabilidades y funciones entre los equipos y empleados?
B82: 3 | C82: ¿La empresa cuenta con proceso de planificacion y programacion formales de las operaciones?
B83: 4 | C83: ¿Existe una planificación a corto y largo plazo para asegurar una producción o prestación de servicios eficiente? | H83: FORMA DE CALIFICAR
B84: 5 | C84: ¿Se ha establecido un sistema de control de calidad para asegurar que los productos o servicios cumplan con los estándares requeridos? | H84: 1. No tiene idea del tema
B85: 6 | C85: ¿La empresa tiene establecido cuál es la capacidad de producción o capacidad de servicio? | H85: 2. Ha escuchado algo
B86: 7 | C86: ¿Se está utilizando de manera óptima esa capacidad de produccion? | H86: 3. Está estudiando el tema
B87: 8 | C87: ¿Qué indicadores clave de desempeño se utilizan para medir la eficiencia y productividad del área operativa? | H87: 4. Ya comprende y conoce el tema
B88: 9 | C88: ¿Se están alcanzando los objetivos de desempeño establecidos? | H88: 5. Ha decidio su implementacion en la empresa
B89: 10 | C89: ¿Cómo se manejan los inventarios y el abastecimiento de materias primas o insumos necesarios para la operación? | H89: 6. Ha iniciado la implementacion
B90: 11 | C90: ¿Existe un sistema de gestión de riesgos operativos? | H90: 7. Se encuentra en implementacion
B91: 12 | C91: ¿Se identifican y evalúan los riesgos potenciales en las operaciones? | H91: 8. Ya esta implementado
B92: 13 | C92: ¿Se promueve la mejora continua en el área operativa? | H92: 9. Está implementado y socializado al 100%
B93: 14 | C93: ¿Se llevan a cabo iniciativas de optimización de procesos y reducción de costos? | H93: 10. Se cuenta con indicadores, seguimiento, evaluacion y mejora
B94: 15 | C94: ¿La empresa cuenta con un plan de contingencia y respuesta ante posibles eventos que puedan afectar la operatividad?
B95: 16 | C95: ¿Se realiza una adecuada gestión de la cadena de suministro para asegurar la entrega oportuna de productos o servicios a los clientes?
C96: TOTAL | D96: =SUM(D80:D95) -> 0
A98: 6. LOGISTICA EXTERNA | D98: EVALUACION | E98: PUNTAJE MAXIMO | F98: % ACTUAL
A99: 6. LOGISTICA EXTERNA | B99: 1 | C99: ¿Cómo se realiza la gestión de transporte de mercancías o productos hacia los clientes? | E99: 110 | F99: =D110/E99 -> 0 | H99: FORMA DE CALIFICAR
B100: 2 | C100: ¿Se utilizan servicios de transporte propios o tercerizados? | H100: 1. No tiene idea del tema
B101: 3 | C101: ¿Existe una red de distribución eficiente que cubra las áreas geográficas donde se encuentran los clientes objetivo? | H101: 2. Ha escuchado algo
B102: 4 | C102: ¿Cómo se maneja el seguimiento y control de los envíos para asegurar su entrega oportuna y sin contratiempos? | H102: 3. Está estudiando el tema
B103: 5 | C103: ¿Se cuenta con sistemas de rastreo y monitoreo de la mercancía en tiempo real para garantizar la visibilidad en la cadena de suministro? | H103: 4. Ya comprende y conoce el tema
B104: 6 | C104: ¿Se han establecido alianzas estratégicas con proveedores logísticos que brinden servicios confiables y eficientes? | H104: 5. Ha decidio su implementacion en la empresa
B105: 7 | C105: ¿Cómo se gestionan los inventarios en los puntos de distribución para asegurar una disponibilidad adecuada de productos? | H105: 6. Ha iniciado la implementacion
B106: 8 | C106: ¿Existe una política de devoluciones y reclamos que permita manejar de manera efectiva cualquier inconveniente con los clientes? | H106: 7. Se encuentra en implementacion
B107: 9 | C107: ¿Se realizan análisis de costos logísticos para identificar oportunidades de reducción de gastos y optimización de recursos? | H107: 8. Ya esta implementado
B108: 10 | C108: ¿Se ha implementado un sistema de gestión de la calidad en la logística externa para asegurar la satisfacción del cliente? | H108: 9. Está implementado y socializado al 100%
...

Sheet 5.1 CADENA
B2: ANALSIS DE LA CADENA DE VALOR | M2: IR AL INDICE
A4: ANALISIS APLICADO A LA EMPRESA | D4: ='4.4 GE-MCK'!D3:I3 -> 0
A6: Actividades de SOPORTE | B6: APROVISIONAMIENTOS - compras
B7: Componentes, productos, servicios, etc.
B9: DESARROLLO TECNOLÓGICO
B10: Investigación y desarrollo, diseño productos, etc.
B12: RECURSOS HUMANOS
B13: Selección, formación, reciclaje, etc.
B15: INFRAESTRUCTURA de la EMPRESA
B16: Planificación, financiación, etc.
A17: Actividades PRIMARIAS | B17: LOGÍSTICA | D17: OPERACIONES | F17: LOGÍSTICA | H17: MARKETING | J17: SERVICIOS
B18: INTERNA | F18: EXTERNA | H18: y VENTAS | J18: POSTVENTA
B19: Almacenamiento | D19: Fabricación | F19: Pedidos, | H19: Promoción, | J19: Servicio
B20: materiales y-o productos | D20: Prestación servicios | F20: distribución, | H20: posicionamiento, | J20: atención cliente
B21: Recepción datos, etc. | F21: entrega, | H21: ventas, etc. | J21: y postventa
F22: almacenaje tránsito
B26: ANALISIS DE LA CADENA DE VALOR | N26: IR AL INDICE
B28: en este cuadro las conclusiones de tu análisis de las actividades y las posibles medidas, políticas u objetivos a adoptar.
A30: Actividades de SOPORTE | B30: AREA | D30: OBJETIVO | H30: POLITICA | L30: POSIBLES MEDIDAS A MEJORAR
B31: COMPRAS - APROVISIONAMIENTO
B38: DESARROLLO TECNOLOGICO
B45: RECURSOS HUMANOS
B52: INFRAESTRUCTURA DE LA EMPRESA
A59: Actividades PRIMARIAS | B59: LOGISTICA INTERNA
B66: OPERACIONES
B73: LOGISTICA EXTERNA
B80: MARKETING Y VENTAS
B87: SERVICIO POST VENTA

Sheet 5.2 CANVAS
A1: ANALISIS CANVAS
J3: IR AL INDICE
A4: ANALISIS APLICADO A LA EMPRESA | C4: =INDICE!I1 -> 0
A7: SOCIOS CLAVE | D7: ACTIVIDADES CLAVE | G7: PROPUESTA DE VALOR | L7: RELACION CLIENTE | N7: CLIENTES
D22: RECURSOS CLAVE | L22: CANALES
A35: Estructura de COSTES | K35: Fuentes de INGRESO
A53: Cuadro comentado:
A56: SOCIOS CLAVE | D56: ACTIVIDADES CLAVE | G56: PROPUESTA DE VALOR | J56: RELACION CLIENTE | N56: CLIENTES
A58: ¿Qué acuerdos o alianzas | D58: ¿Qué actividades son clave | G58: ¿Qué vas a ofrecer | K58: ¿Cómo deberá ser la | M58: ¿Quiénes son tus clientes?
A59: son fundamentales? | D59: para que el negocio funcione? | G59: a tus clientes? | K59: relación con tus clientes?
A60: Identifica claramente los acuerdos | D60: Identifícalas claramente y jerarquiza | G60: Identifica claramente los beneficios | K60: Define claramente cómo será, | M60: Identifica claramente tus clientes
A61: clave para el éxito del negocio | D61: Las actividades pueden ser para: | G61: que tu propuesta aporta al cliente | K61: sus ventajas y su nivel de coste | M61: Segméntalos según:
A62: Estos socios clave pueden ser para: | D62: - Elaborar nuestra propuesta. | G62: ¿Qué vamos a ofrecer? | J62: Las relaciones pueden ser: | M62: - Necesidades distintas
A63: - Obtener determinados productos. | D63: - Para atender los clientes o la postventa. | G63: ¿Qué valor entregaremos al cliente? | J63: - Puntuales y poco costosas. | M63: - Canales de acceso diferentes
A64: - Obtener recursos clave. | D64: - Para las fuentes de ingreso. | G64: ¿Qué necesidad satisfaceremos? | J64: - Personales frecuentes, telefónicas, online. | M64: - Capacidad de pago/precio
A65: - Obtener determinados servicios. | D65: Estas actividades pueden ser: | G65: ¿Qué problema de nuestros clientes | J65: - No personales: Sistemas automatizados, | M65: - Diferente aproximación.
A66: - Limitar o compartir riesgos. | D66: Producir, transformar, elaborar, crear, | G66: ayudaremos a resolver? | J66: auto servicio, comunidades | M66: Rentabilidades
A67: - Obtener o compartir conocimiento. | D67: atender cliente, asistir, mantener, etc. | G67: Piensa más en las ventajas y los | J67: - Fidelizadoras, etc. | M67: Potenciales crecimientos
A68: - Obtener determinado activo. | G68: beneficios para el cliente que en | M68: Potencialidad para referir
G69: las características del producto | M69: Interes estrategico
A71: - Limitar riesgos de competencia. | D71: RECURSOS CLAVE | K71: CANALES /acceso
A72: - Etc.
D73: ¿Qué recursos son | G73: Beneficios, según el cliente, pueden ser: | J73: ¿Cómo llegarás a todos
D74: esenciales para el negocio? | G74: - Novedad - moda - vanguardia - diseño | J74: tus potenciales clientes?
D75: Define claramente cuales son | G75: imagen - exclusividad - marca - etc. | J75: Define claramente tu estrategia de
D76: los recursos y activos esenciales | G76: - Precio - Calidad | J76: comunicación, distribución y venta
D77: Estos recursos pueden ser: | G77: - Durabilidad - Personalización | J77: Esta estrategia puede incluir:
D78: - Activos físicos (maquinaria, locales…) | G78: - etc… | K78: - Disponer de establecimiento/s
D79: - Activos no materiales. | K79: - Trabajar Online - Web.
D80: - Recursos humanos específicos. | K80: - Fuerza de ventas
D81: - Recursos financieros. Etc… | K81: - Red de distribución. Etc..
A85: Estructura de COSTES | K85: Fuentes de INGRESO
A87: ¿Cuáles son los costes más importantes? ¿Cuáles son los recursos clave más costosos? | J87: ¿De dónde saldrán los ingresos? ¿Cómo se producirán? ¿Quién los generará? ¿Cuándo?
A88: ¿Cuáles son las actividades con mayores costes? ¿Cuál es la estructura de los costes? | J88: Identifica claramente tus fuentes de ingresos y su estructura, de más a menos
A89: Identifica claramente los costes más relevantes y jerarquízalos en relación a los ingresos | J89: Las estrategias de ingreso deben/pueden incluir:
A90: En términos muy generales, la estructura de costes vendrá determinada por: | J90: - Políticas de precios, pago y descuentos, por línea de producto/servicio o segmento/canal.
A91: - El tipo de coste en función de su composición (fijo o variable). | J91: - Precios medios estimados por operación o segmento y/o % de relevancia de cada uno.
A92: - El tipo de coste en función de su utilidad (coste de ventas, coste de promoción, coste de personal, etc.). | J92: - Previsiones de plazo medio de cobro, riesgo e impago .
A93: - Su relevancia en relación al total de las ventas o al total de costes. | J93: - Etc.
A94: - El valor generado.
A95: También deberán incluirse (si los hay) los costes de financiación o adquisición de activos y su amortización
A96: (si son significativos en relación a las expectativas de ingresos).

Sheet 5.3 DOFA
A2: ANALISIS MATRIZ DOFA
A4: ANALISIS APLICADO A LA EMPRESA | D4: =INDICE!I1 -> 0
B6: IDENTIFICACIÓN DE ESTRATEGIAS | J6: IR AL INDICE
J7: IR AL FINAL
B8: Tras el análisis realizado habiéndose identificado las oportunidades, amenazas, fortalezas y debilidades, es momento de identificar la estrategia que debe seguir en su empresa para el logro de sus objetivos empresariales.
B9: Se trata de realizar una Matriz Cruzada tal y como se refleja en el siguente dibujo para identificar la estrategía más conveniente a llevar a cabo.
B23: Según ha ido cumplimentando en las fases anteriores, los factores internos y externos de su empresa son los siguientes:
B24: O+B24:H43PORTUNIDADES | C24: O1 | D24: Incentivos fiscales | J24: IR AL INDICE
C25: O2 | D25: Acuerdos comerciales | J25: IR AL FINAL
C26: O3 | D26: Inversiones públicas en infraestructura
C27: O4 | D27: Cambios en la política laboral
C28: O5 | D28: Papel de las asociaciones gremiales existentes en el sector
C29: O6 | D29: Regulaciones sobre exportaciones
C30: O7 | D30: Normas sobre competencia leal
C31: O8 | D31: Acceso al credito
C32: O9 | D32: Volumenes y dinamica de las Exportaciones
C33: O10 | D33: Nivel de confianza del consumidor
C34: O11 | D34: Nivel de confianza del inversionista
C35: O12 | D35: Perspectivas del sector propio
C36: O13 | D36: Cfrecimiento de la productividas empresarial e industrial
C37: O14 | D37: Patrones de consumo
... C43: O20 | D43: Cambios de la actitud del gobierno en torno al sector al que pertenece la empresa
B44: AMENAZAS | C44: A1 | D44: Estabilidad política | J44: IR AL INDICE
C45: A2 | D45: Cambios en la política fiscal: | J45: IR AL INICIO
C46: A3 | D46: Conflictos internacionales | J46: IR AL FINAL
C47: A4 | D47: Cambios en la política sectorial
C48: A5 | D48: Elecciones locales, regionales, nacionales
C49: A6 | D49: Regulaciones sobre importaciones
C50: A7 | D50: Corrupción
C51: A8 | D51: Nivel de informalidad laboral
C52: A9 | D52: Sistema de gestión y seguridad en el trabajo
C53: A10 | D53: Deficit gobierno nacional
C54: A11 | D54: Desempleo
C55: A12 | D55: Bajo crecimiento de la economia (PIB)
C56: A13 | D56: Se realiza seguimiento periodo a los ajustes del derecho mercantil que puedan afectar los intereses de la empresa
C57: A14 | D57: Percepcion de seguridad
C58: A15 | D58: Perspectivas del sector de los clientes
... C62: A19 | D62: Alto nivel de estafas y robos por campañas digitales malisiosas
C63: A20
B64: FORTALEZAS | C64: F1 | D64: Sistema de informacion gerencial | J64: IR AL INDICE
C65: F2 | D65: Delegacion de responsabilidades | J65: IR AL INICIO
C66: F3 | D66: El perfil del colaborador para cada cargo está ajustado a las competencias laborales requeridas | J66: IR AL FINAL
C67: F4 | D67: La empresa cuenta con una estrategia general
C68: F5 | D68: Personal directivo con gran capacidad de gestion y contactos a nivel regional
C69: F6 | D69: La empresa posee un equipo de marketing digital profesional y de dedicacion exclusiva
C70: F7 | D70: La empresa determina adecuadamente los requisitos para los servicios
C71: F8 | D71: La empresa brinda garantia en el cumplimiento de los procesos de los servicios del cliente
C72: F9 | D72: La empresa realiza gestion comercial por perfiles de clientes
C73: F10 | D73: se han definido los segmentos de clientes en función de características demográficas, comportamientos de compra o necesidades específicas
C74: F11 | D74: Los segmentos de clientes identificados son lo suficientemente distintos entre sí para permitir estrategias de marketing y ventas personalizadas
C75: F12 | D75: Conoce la tendencia de su mercado
C76: F13 | D76: Existe una evaluación constante de la efectividad de la segmentación de clientes en función de indicadores como la tasa de conversión y la retención
C77: F14 | D77: Se implementan campañas de marketing específicas para cada segmento de clientes con el objetivo de maximizar la relevancia y el impacto
C78: F15 | D78: Tiene identificada algunas características de sus clientes
... C83: F20 | D83: Reacciona con agilidad ante las estrategias de la competencia
B84: DEBILIDADES | C84: D1 | D84: La emporess no cuenta con una planeacion estrategica | J84: IR AL INDICE
C85: D2 | D85: No se cuenta con planeacion operativa y tactica en las areas de la emrpesa | J85: IR AL INICIO
C86: D3 | D86: La empresa no posee Pronosticos financieros, operativos y tecnicos | J86: IR AL FINAL
C87: D4 | D87: La empresa no reliza analisis de contexto externo
C88: D5 | D88: La empresa no realiza analisis de sensibilidad de los objetivos a cambios en el contexto externo
C89: D6 | D89: La empresa requiere fortalecer su estructura administrativa
C90: D7 | D90: La empresa no cuenta con una estrategia general de desarrollo del personal
C91: D8 | D91: La empresa no posee un proceso formal sobre Cómo identifican y definen las competencias clave requeridas para cada puesto en la organización
C92: D9 | D92: En la empresa no se realiza mediciones del desempeño laboral en la empresa
C93: D10 | D93: La empresa carece de un plan formal de gestión de riesgos
C94: D11
C95: D12
C96: D13
C97: D14
C98: D15
C99: D16
C100: D17
C101: D18
C102: D19
C103: D20
J104: IR AL FINAL
B105: Las fortalezas se usan para tomar ventaja en cada una las oportunidades. | J105: IR AL INDICE
B106: 0=En total desacuerdo, 1= No está de acuerdo, 2= Esta de acuerdo, 3= Bastante de acuerdo y 4=En total acuerdo | J106: IR AL INICIO
D107: OPORTUNIDADES
D108: O1 | E108: O2 | F108: O3 | G108: O4 | H108: O5 | I108: O6 | J108: O7 | K108: O8 | L108: O9 | M108: O10 | N108: O11 | O108: O12 | P108: O13 | Q108: O14 | R108: O15 | S108: O16 | T108: O17 | U108: O18 | V108: O19 | W108: O20
B109: FORTALEZAS | C109: F1 | D109: 4 | E109: 4 | F109: 1 | G109: 2 | H109: 2 | I109: 1 | J109: 1 | K109: 4 | L109: 1 | M109: 1 | N109: 1 | O109: 2 | P109: 3 | Q109: 3 | R109: 2
C110: F2 | D110: 1 | E110: 3 | F110: 1 | G110: 1 | H110: 1 | I110: 1 | J110: 1 | K110: 3 | L110: 1 | M110: 1 | N110: 1 | O110: 2 | P110: 2 | Q110: 3 | R110: 2
C111: F3 | D111: 1 | E111: 3 | F111: 1 | G111: 1 | H111: 1 | I111: 1 | J111: 1 | K111: 3 | L111: 1 | M111: 1 | N111: 1 | O111: 2 | P111: 3 | Q111: 3 | R111: 2
C112: F4 | D112: 3 | E112: 4 | F112: 1 | G112: 2 | H112: 4 | I112: 2 | J112: 1 | K112: 4 | L112: 1 | M112: 2 | N112: 2 | O112: 4 | P112: 4 | Q112: 4 | R112: 4
C113: F5 | D113: 4 | E113: 4 | F113: 1 | G113: 1 | H113: 4 | I113: 2 | J113: 1 | K113: 4 | L113: 1 | M113: 2 | N113: 2 | O113: 4 | P113: 4 | Q113: 4 | R113: 2
C114: F6 | D114: 1 | E114: 2 | F114: 1 | G114: 1 | H114: 2 | I114: 2 | J114: 1 | K114: 4 | L114: 1 | M114: 1 | N114: 1 | O114: 2 | P114: 2 | Q114: 4 | R114: 4
C115: F7 | D115: 1 | E115: 1 | F115: 1 | G115: 1 | H115: 1 | I115: 1 | J115: 1 | K115: 4 | L115: 1 | M115: 1 | N115: 1 | O115: 4 | P115: 4 | Q115: 2 | R115: 4
C116: F8 | D116: 1 | E116: 4 | F116: 1 | G116: 1 | H116: 1 | I116: 1 | J116: 1 | K116: 4 | L116: 1 | M116: 3 | N116: 2 | O116: 3 | P116: 4 | Q116: 4 | R116: 4
C117: F9 | D117: 1 | E117: 2 | F117: 1 | G117: 1 | H117: 4 | I117: 1 | J117: 1 | K117: 4 | L117: 1 | M117: 3 | N117: 2 | O117: 4 | P117: 4 | Q117: 4 | R117: 4
C118: F10 | D118: 1 | E118: 4 | F118: 1 | G118: 1 | H118: 3 | I118: 1 | J118: 1 | K118: 4 | L118: 1 | M118: 1 | N118: 1 | O118: 4 | P118: 4 | Q118: 4 | R118: 4
C119: F11 | D119: 1 | E119: 4 | F119: 1 | G119: 1 | H119: 2 | I119: 1 | J119: 1 | K119: 4 | L119: 1 | M119: 1 | N119: 1 | O119: 4 | P119: 3 | Q119: 4 | R119: 4
C120: F12 | D120: 1 | E120: 4 | F120: 1 | G120: 1 | H120: 4 | I120: 1 | J120: 1 | K120: 4 | L120: 1 | M120: 1 | N120: 1 | O120: 4 | P120: 3 | Q120: 4 | R120: 3
C121: F13 | D121: 1 | E121: 2 | F121: 1 | G121: 1 | H121: 3 | I121: 1 | J121: 1 | K121: 4 | L121: 1 | M121: 1 | N121: 1 | O121: 3 | P121: 3 | Q121: 3 | R121: 4
... C128: F20 | D128: 1 | E128: 2 | F128: 1 | G128: 1 | H128: 3 | I128: 1 | J128: 1 | K128: 4 | L128: 1 | M128: 1 | N128: 1 | O128: 4 | P128: 3 | Q128: 3 | R128: 3
B129: Total | C129: =SUM(D129:W129) -> 644 | D129: =SUM(D109:D128) -> 28 | E129: =SUM(E109:E128) -> 64 | F129: =SUM(F109:F128) -> 20 | G129: =SUM(G109:G128) -> 22 | H129: =SUM(H109:H128) -> 54 | I129: =SUM(I109:I128) -> 23 | J129: =SUM(J109:J128) -> 20 | K129: =SUM(K109:K128) -> 77 | ... W129: =SUM(W109:W128) -> 0
J130: IR AL FINAL
B131: Las fortalezas evaden el efecto negativo de las amenazas. | J131: IR AL INDICE
B132: 0=En total desacuerdo, 1= No está de acuerdo, 2= Esta de acuerdo, 3= Bastante de acuerdo y 4=En total acuerdo | J132: IR AL INICIO
D133: AMENAZAS
D134: A1 | E134: A2 | F134: A3 | G134: A4 | H134: A5 | I134: A6 | J134: A7 | K134: A8 | L134: A9 | M134: A10 | N134: A11 | O134: A12 | P134: A13 | Q134: A14 | R134: A15 | S134: A16 | T134: A17 | U134: A18 | V134: A19 | W134: A20
...

Sheet 6.1 CONCLUSIONES
A2: Análisis estratégico - CONCLUSIONES
A3: ANALISIS APLICADO A LA EMPRESA | B3: =INDICE!I1 -> 0 | G3: IR AL INDICE
A6: Análisis INTERNO | D6: Análisis EXTERNO
A7: 1 | D7: 1
A8: 2 | D8: 2
A9: 3 | D9: 3
A10: 4 | D10: 4
A11: 5 | D11: 5
A12: 6 | D12: 6
A13: 7 | D13: 7
A14: 8 | D14: 8
A15: 9 | D15: 9
A16: 10 | D16: 10
A17: 11 | D17: 11
A18: 12 | D18: 12
... A26: 20 | D26: 20

Sheet 6.2 FCE
B1: ANALISIS DE LOS FACTORES CLAVES DE ÉXITO
B4: ANALISIS APLICADO A LA EMPRESA | D4: =INDICE!I1 -> 0
D5: Factores clave y objetivos | H5: PARTE 1 | J5: IR AL INDICE
B7: FACTORES CLAVE | D7: OBJETIVO ESTRATÉGICO | E7: INDICADORES seguimiento | F7: METAS | G7: Iniciativas | H7: Plazos
F8: Objetivos concretos | G8: Actuaciones para lograr los objetivos | H8: Tiempo ejecución
B9: 1 | C9: FINANZAS | D9: Aumentar los ingresos | E9: % incremento ventas | F9: 0.2 | G9: Aumentar número de ventas | H9: 120
G10: Aumentar precio medio | H10: 90
C11: Para tener éxito ¿qué debemos proporcionar a nuestros accionistas? | G11: Aumentar atípicos | H11: 180
B21: 2 | C21: CLIENTES
C23: Para tener éxito ¿qué debemos proporcionar a nuestros clientes?
D34: Factores clave y objetivos | H34: PARTE 2 | J34: IR AL INDICE
B36: FACTORES CLAVE | D36: OBJETIVO ESTRATÉGICO | E36: INDICADORES seguimiento | F36: METAS | G36: Iniciativas | H36: Plazos
F37: Objetivos concretos | G37: Actuaciones para lograr los objetivos | H37: Tiempo ejecución
B38: 3 | C38: PROCESOS INTERNOS
C41: Para alcanzar nuestras metas y satisfacer a accionistas y clientes ¿en qué aspectos del negocio debemos sobresalir?
B50: 4 | C50: APRENDIZAJE Y CRECIMIENTO
C53: Para lograr nuestra visión ¿Qué debemos hacer para mantener un crecimiento y mejora continuas?

Sheet 7.1 OBJ
B1: ANALISIS DE OBJETIVOS ESTRATEGICOS Y CUADRO DE MANDO
I2: IR AL INDICE
I3: SUMATORIA DE LAS PONDERACIONES POR UNIDADES DE NEGOCIO | K3: =K7+K39+K70+K101+K132+K164 -> 1 | N3: EVALUACION GENERAL DE LA GESTION | P3: =N34+N66+N97+N128+N159+N191 -> 41.9075
B4: ANALISIS APLICADO A LA EMPRESA | D4: =INDICE!I1 -> 0
C5: Objetivos estratégicos | H5: 1
A7: Unidad de Negocio | B7: ='4.4 GE-MCK'!D8 -> Uno | D7: Opción estratégica: | I7: ponderacion unidad de negocios | K7: 0.2 | N7: nivel esperado por unidad de negocios | P7: 0.7
A8: Objetivo estratégico | C8: Estrategias | E8: Indicadores seguimiento | F8: METAS / Objetivos concretos
F9: mínimo | G9: medio | H9: óptimo | I9: Ponderación Area Principal | J9: Ponderación Criterio | K9: % evaluado por criterio | L9: Puntuación asignada | M9: Puntuación calculada Area Indic | N9: Indices Calculados por Area I. | O9: Nivel Esperado por Area I. | P9: Observación
A10: 1 | B10: Aumentar la rentabilidad | C10: Aumentar los ingresos | D10: Aumentar número de ventas | E10: % incremento ventas | F10: 0.01 | G10: 0.03 | H10: 0.05 | I10: 0.3 | J10: 0.25 | K10: =SUM(J10:J15) -> 1 | L10: 6 | M10: =(J10*L10)+(J11*L11)+(J12*L12)+(J13*L13)+(J14*L14)+(J15*L15) -> 7.8 | N10: =I10*M10 -> 2.34 | O10: =(10*I10)*$P$7 -> 2.1 | P10: aprobado
D11: Aumentar precio medio | J11: 0.15 | L11: 8 | P11: aprobado
D12: Aumentar atípicos | J12: 0.2 | L12: 9 | P12: aprobado
C13: Disminuir los costes | D13: Disminuir coste de las ventas | E13: % disminución costes | F13: -0.03 | G13: -0.05 | H13: -0.1 | J13: 0.2 | L13: 8 | P13: seguimiento semanal
D14: Disminuir costes operaciones | J14: 0.1 | L14: 8 | P14: no aprobado
D15: Disminuir gastos financieros | J15: 0.1 | L15: 9 | P15: no aprobado
A16: =A10+1 -> 2 | I16: 0.25 | J16: 0.25 | K16: =SUM(J16:J21) -> 1 | L16: 7 | M16: =(J16*L16)+(J17*L17)+(J18*L18)+(J19*L19)+(J20*L20)+(J21*L21) -> 8 | N16: =I16*M16 -> 2 | O16: =(10*I16)*$P$7 -> 1.75
J17: 0.15 | L17: 7
J18: 0.2 | L18: 8
J19: 0.2 | L19: 9
J20: 0.1 | L20: 9
J21: 0.1 | L21: 9
A22: =A16+1 -> 3 | I22: 0.25 | J22: 0.25 | K22: =SUM(J22:J27) -> 1 | L22: 1 | M22: =(J22*L22)+(J23*L23)+(J24*L24)+(J25*L25)+(J26*L26)+(J27*L27) -> 1 | N22: =I22*M22 -> 0.25 | O22: =(10*I22)*$P$7 -> 1.75
J23: 0.15 | L23: 1
J24: 0.2 | L24: 1
J25: 0.2 | L25: 1
J26: 0.1 | L26: 1
J27: 0.1 | L27: 1
A28: =A22+1 -> 4 | I28: 0.2 | J28: 0.25 | K28: =SUM(J28:J33) -> 1 | L28: 1 | M28: =(J28*L28)+(J29*L29)+(J30*L30)+(J31*L31)+(J32*L32)+(J33*L33) -> 2.6 | N28: =I28*M28 -> 0.52 | O28: =(10*I28)*$P$7 -> 1.4
J29: 0.15 | L29: 1
J30: 0.2 | L30: 1
J31: 0.2 | L31: 1
J32: 0.1 | L32: 9
J33: 0.1 | L33: 9
E34: % de objetivos evaluados por unidad de negocios | I34: =SUM(I10:I33) -> 1 | J34: Resultado gestion unidad de negocio | N34: =SUM(N10:N33) -> 5.11 | O34: =SUM(O10:O33) -> 7
J35: Evaluacion ponderada de la unidad de negocio | N35: =N34*K7 -> 1.022
I36: IR AL INDICE
C37: Objetivos estratégicos | H37: 2
A39: Unidad de Negocio | B39: ='4.4 GE-MCK'!D9 -> Dos | D39: Opción estratégica: | I39: ponderacion unidad de negocios | K39: 0.2 | N39: nivel esperado por unidad de negocios | P39: 0.7
A40: Objetivo estratégico | C40: Estrategias | E40: Indicadores seguimiento | F40: METAS / Objetivos concretos
F41: mínimo | G41: medio | H41: óptimo | I41: Ponderación Area Principal | J41: Ponderación Criterio | K41: % evaluado por criterio | L41: Puntuación asignada | M41: Puntuación calculada Area Indic | N41: Indices Calculados por Area I. | O41: Nivel Esperado por Area I. | P41: Observación
A42: =A28+1 -> 5 | I42: 0.25 | J42: 0.25 | K42: =SUM(J42:J47) -> 1 | L42: 9 | M42: =(J42*L42)+(J43*L43)+(J44*L44)+(J45*L45)+(J46*L46)+(J47*L47) -> 7.85 | N42: =I42*M42 -> 1.9625 | O42: =(10*I42)*$P$7 -> 1.75 | P42: aprobado
J43: 0.15 | L43: 8 | P43: aprobado
J44: 0.2 | L44: 7 | P44: aprobado
J45: 0.2 | L45: 7 | P45: seguimiento semanal
J46: 0.1 | L46: 8 | P46: no aprobado
J47: 0.1 | L47: 8 | P47: no aprobado
A48: =A42+1 -> 6 | I48: 0.25 | J48: 0.25 | K48: =SUM(J48:J53) -> 1 | L48: 9 | M48: =(J48*L48)+(J49*L49)+(J50*L50)+(J51*L51)+(J52*L52)+(J53*L53) -> 7.8 | N48: =I48*M48 -> 1.95 | O48: =(10*I48)*$P$7 -> 1.75
J49: 0.15 | L49: 9
J50: 0.2 | L50: 8
J51: 0.2 | L51: 8
J52: 0.1 | L52: 5
J53: 0.1 | L53: 5
A54: =A48+1 -> 7 | I54: 0.25 | J54: 0.25 | K54: =SUM(J54:J59) -> 1 | L54: 9 | M54: =(J54*L54)+(J55*L55)+(J56*L56)+(J57*L57)+(J58*L58)+(J59*L59) -> 7.4 | N54: =I54*M54 -> 1.85 | O54: =(10*I54)*$P$7 -> 1.75
J55: 0.15 | L55: 9
J56: 0.2 | L56: 9
J57: 0.2 | L57: 5
J58: 0.1 | L58: 5
J59: 0.1 | L59: 5
A60: =A54+1 -> 8 | I60: 0.25 | J60: 0.3 | K60: =SUM(J60:J65) -> 1 | L60: 9 | M60: =(J60*L60)+(J61*L61)+(J62*L62)+(J63*L63)+(J64*L64)+(J65*L65) -> 7.6 | N60: =I60*M60 -> 1.9 | O60: =(10*I60)*$P$7 -> 1.75
J61: 0.2 | L61: 9
J62: 0.15 | L62: 9
J63: 0.15 | L63: 5
J64: 0.12 | L64: 5
J65: 0.08 | L65: 5
E66: % de objetivos evaluados por unidad de negocios | I66: =SUM(I42:I65) -> 1 | J66: Resultado gestion unidad de negocio | N66: =SUM(N42:N65) -> 7.6625 | O66: =SUM(O42:O65) -> 7
J67: Evaluacion ponderada de la unidad de negocio | N67: =N66*K39 -> 1.5325
C68: Objetivos estratégicos | H68: =H37+1 -> 3 | I68: IR AL INDICE
A70: Unidad de Negocio | B70: ='4.4 GE-MCK'!D10 -> Tres | D70: Opción estratégica: | I70: ponderacion unidad de negocios | K70: 0.2 | N70: nivel esperado por unidad de negocios | P70: 0.7
A71: Objetivo estratégico | C71: Estrategias | E71: Indicadores seguimiento | F71: METAS / Objetivos concretos
F72: mínimo | G72: medio | H72: óptimo | I72: Ponderación Area Principal | J72: Ponderación Criterio | K72: % evaluado por criterio | L72: Puntuación asignada | M72: Puntuación calculada Area Indic | N72: Indices Calculados por Area I. | O72: Nivel Esperado por Area I. | P72: Observación
A73: =A60+1 -> 9 | I73: 0.3 | J73: 0.25 | K73: =SUM(J73:J78) -> 1 | L73: 9 | M73: =(J73*L73)+(J74*L74)+(J75*L75)+(J76*L76)+(J77*L77)+(J78*L78) -> 8.2 | N73: =I73*M73 -> 2.46 | O73: =(10*I73)*$P$7 -> 2.1 | P73: aprobado
J74: 0.15 | L74: 9 | P74: aprobado
J75: 0.2 | L75: 9 | P75: aprobado
J76: 0.2 | L76: 9 | P76: seguimiento semanal
J77: 0.1 | L77: 5 | P77: no aprobado
J78: 0.1 | L78: 5 | P78: no aprobado
A79: =A73+1 -> 10 | I79: 0.25 | J79: 0.25 | K79: =SUM(J79:J84) -> 1 | L79: 7 | M79: =(J79*L79)+(J80*L80)+(J81*L81)+(J82*L82)+(J83*L83)+(J84*L84) -> 7.6 | N79: =I79*M79 -> 1.9 | O79: =(10*I79)*$P$7 -> 1.75
J80: 0.15 | L80: 7
J81: 0.2 | L81: 7
J82: 0.2 | L82: 8
J83: 0.1 | L83: 9
J84: 0.1 | L84: 9
A85: =A79+1 -> 11 | I85: 0.25 | J85: 0.25 | K85: =SUM(J85:J90) -> 1 | L85: 9 | M85: =(J85*L85)+(J86*L86)+(J87*L87)+(J88*L88)+(J89*L89)+(J90*L90) -> 7.1 | N85: =I85*M85 -> 1.775 | O85: =(10*I85)*$P$7 -> 1.75
J86: 0.15 | L86: 7
J87: 0.2 | L87: 6
J88: 0.2 | L88: 5
J89: 0.1 | L89: 8
J90: 0.1 | L90: 8
A91: =A85+1 -> 12 | I91: 0.2 | J91: 0.25 | K91: =SUM(J91:J96) -> 1 | L91: 5 | M91: =(J91*L91)+(J92*L92)+(J93*L93)+(J94*L94)+(J95*L95)+(J96*L96) -> 5 | N91: =I91*M91 -> 1 | O91: =(10*I91)*$P$7 -> 1.4
J92: 0.15 | L92: 5
J93: 0.2 | L93: 5
J94: 0.2 | L94: 5
J95: 0.1 | L95: 5
J96: 0.1 | L96: 5
E97: % de objetivos evaluados por unidad de negocios | I97: =SUM(I73:I96) -> 1 | J97: Resultado gestion unidad de negocio | N97: =SUM(N73:N96) -> 7.135 | O97: =SUM(O73:O96) -> 7
J98: Evaluacion ponderada de la unidad de negocio | N98: =N97*K70 -> 1.427
C99: Objetivos estratégicos | H99: =H68+1 -> 4 | I99: IR AL INDICE
A101: Unidad de Negocio | B101: ='4.4 GE-MCK'!D11 -> Cuatro | D101: Opción estratégica: | I101: ponderacion unidad de negocios | K101: 0.1 | N101: nivel esperado por unidad de negocios | P101: 0.7
A102: Objetivo estratégico | C102: Estrategias | E102: Indicadores seguimiento | F102: METAS / Objetivos concretos
F103: mínimo | G103: medio | H103: óptimo | I103: Ponderación Area Principal | J103: Ponderación Criterio | K103: % evaluado por criterio | L103: Puntuación asignada | M103: Puntuación calculada Area Indic | N103: Indices Calculados por Area I. | O103: Nivel Esperado por Area I. | P103: Observación
A104: =A91+1 -> 13 | I104: 0.3 | J104: 0.25 | K104: =SUM(J104:J109) -> 1 | L104: 8 | M104: =(J104*L104)+(J105*L105)+(J106*L106)+(J107*L107)+(J108*L108)+(J109*L109) -> 8 | N104: =I104*M104 -> 2.4 | O104: =(10*I104)*$P$7 -> 2.1 | P104: aprobado
...

Sheet 7.2 POLIT
B1: ANALISIS DE POLITICAS EMPRESARIALES
B4: ANALISIS APLICADO A LA EMPRESA | D4: =INDICE!I1 -> 0
C6: Políticas para el período | H6: 1 | I6: IR AL INDICE
I7: IR AL FINAL
A8: Unidad de negocio: | B8: ='7.1 OBJ'!B7:C7 -> Uno | D8: Opción estratégica:
C9: Estrategias | E9: Políticas
A10: 1 | B10: ='7.1 OBJ'!B10 -> Aumentar la rentabilidad | C10: ='7.1 OBJ'!C10 -> Aumentar los ingresos | D10: ='7.1 OBJ'!D10 -> Aumentar número de ventas | E10: Eliminar las exclusividades en las zonas de expansión
D11: ='7.1 OBJ'!D11 -> Aumentar precio medio | E11: No descuentos adicionales en productos estrella.
D12: ='7.1 OBJ'!D12 -> Aumentar atípicos
C13: ='7.1 OBJ'!C13 -> Disminuir los costes | D13: ='7.1 OBJ'!D13 -> Disminuir coste de las ventas
D14: ='7.1 OBJ'!D14 -> Disminuir costes operaciones
D15: ='7.1 OBJ'!D15 -> Disminuir gastos financieros
A16: 2 | B16: ='7.1 OBJ'!B16 -> 0 | C16: ='7.1 OBJ'!C16 -> 0 | D16: ='7.1 OBJ'!D16 -> 0
D17: ='7.1 OBJ'!D17 -> 0
D18: ='7.1 OBJ'!D18 -> 0
C19: ='7.1 OBJ'!C19 -> 0 | D19: ='7.1 OBJ'!D19 -> 0
D20: ='7.1 OBJ'!D20 -> 0
D21: ='7.1 OBJ'!D21 -> 0
A22: 3 | B22: ='7.1 OBJ'!B22 -> 0 | C22: ='7.1 OBJ'!C22 -> 0 | D22: ='7.1 OBJ'!D22 -> 0
D23: ='7.1 OBJ'!D23 -> 0
D24: ='7.1 OBJ'!D24 -> 0
C25: ='7.1 OBJ'!C25 -> 0 | D25: ='7.1 OBJ'!D25 -> 0
D26: ='7.1 OBJ'!D26 -> 0
D27: ='7.1 OBJ'!D27 -> 0
A28: 4 | B28: ='7.1 OBJ'!B28 -> 0 | C28: ='7.1 OBJ'!C28 -> 0 | D28: ='7.1 OBJ'!D28 -> 0
D29: ='7.1 OBJ'!D29 -> 0
D30: ='7.1 OBJ'!D30 -> 0
C31: ='7.1 OBJ'!C31 -> 0 | D31: ='7.1 OBJ'!D31 -> 0
D32: ='7.1 OBJ'!D32 -> 0
D33: ='7.1 OBJ'!D33 -> 0
C35: Políticas para el período | H35: =H6+1 -> 2 | I35: IR AL INDICE
I36: IR AL FINAL
A37: =A8 -> Unidad de negocio: | B37: ='7.1 OBJ'!B39:C39 -> Dos | D37: Opción estratégica: | I37: IR AL INICIO
A38: Objetivo estratégico | C38: Estrategias | E38: Políticas
A39: =A28+1 -> 5 | B39: ='7.1 OBJ'!B42 -> 0 | C39: ='7.1 OBJ'!C42 -> 0 | D39: ='7.1 OBJ'!D42 -> 0
D40: ='7.1 OBJ'!D43 -> 0
D41: ='7.1 OBJ'!D44 -> 0
C42: ='7.1 OBJ'!C45 -> 0 | D42: ='7.1 OBJ'!D45 -> 0
D43: ='7.1 OBJ'!D46 -> 0
D44: ='7.1 OBJ'!D47 -> 0
A45: =A39+1 -> 6 | B45: ='7.1 OBJ'!B48 -> 0 | C45: ='7.1 OBJ'!C48 -> 0 | D45: ='7.1 OBJ'!D48 -> 0
D46: ='7.1 OBJ'!D49 -> 0
D47: ='7.1 OBJ'!D50 -> 0
C48: ='7.1 OBJ'!C51 -> 0 | D48: ='7.1 OBJ'!D51 -> 0
D49: ='7.1 OBJ'!D52 -> 0
D50: ='7.1 OBJ'!D53 -> 0
A51: =A45+1 -> 7 | B51: ='7.1 OBJ'!B54 -> 0 | C51: ='7.1 OBJ'!C54 -> 0 | D51: ='7.1 OBJ'!D54 -> 0
D52: ='7.1 OBJ'!D55 -> 0
D53: ='7.1 OBJ'!D56 -> 0
C54: ='7.1 OBJ'!C57 -> 0 | D54: ='7.1 OBJ'!D57 -> 0
D55: ='7.1 OBJ'!D58 -> 0
D56: ='7.1 OBJ'!D59 -> 0
A57: =A51+1 -> 8 | B57: ='7.1 OBJ'!B60 -> 0 | C57: ='7.1 OBJ'!C60 -> 0 | D57: ='7.1 OBJ'!D60 -> 0
D58: ='7.1 OBJ'!D61 -> 0
D59: ='7.1 OBJ'!D62 -> 0
C60: ='7.1 OBJ'!C63 -> 0 | D60: ='7.1 OBJ'!D63 -> 0
D61: ='7.1 OBJ'!D64 -> 0
D62: ='7.1 OBJ'!D65 -> 0
C64: Políticas para el período | H64: 3 | I64: IR AL INDICE
I65: IR AL FINAL
A66: =A37 -> Unidad de negocio: | B66: ='7.1 OBJ'!B70:C70 -> Tres | D66: Opción estratégica: | I66: IR AL INICIO
A67: Objetivo estratégico | C67: Estrategias | E67: Políticas
A68: =A57+1 -> 9 | B68: ='7.1 OBJ'!B73 -> 0 | C68: ='7.1 OBJ'!C73 -> 0 | D68: ='7.1 OBJ'!D73 -> 0
D69: ='7.1 OBJ'!D74 -> 0
D70: ='7.1 OBJ'!D75 -> 0
C71: ='7.1 OBJ'!C76 -> 0 | D71: ='7.1 OBJ'!D76 -> 0
D72: ='7.1 OBJ'!D77 -> 0
D73: ='7.1 OBJ'!D78 -> 0
A74: =A68+1 -> 10 | B74: ='7.1 OBJ'!B79 -> 0 | C74: ='7.1 OBJ'!C79 -> 0 | D74: ='7.1 OBJ'!D79 -> 0
D75: ='7.1 OBJ'!D80 -> 0
D76: ='7.1 OBJ'!D81 -> 0
C77: ='7.1 OBJ'!C82 -> 0 | D77: ='7.1 OBJ'!D82 -> 0
D78: ='7.1 OBJ'!D83 -> 0
D79: ='7.1 OBJ'!D84 -> 0
A80: =A74+1 -> 11 | B80: ='7.1 OBJ'!B85 -> 0 | C80: ='7.1 OBJ'!C85 -> 0 | D80: ='7.1 OBJ'!D85 -> 0
D81: ='7.1 OBJ'!D86 -> 0
D82: ='7.1 OBJ'!D87 -> 0
C83: ='7.1 OBJ'!C88 -> 0 | D83: ='7.1 OBJ'!D88 -> 0
D84: ='7.1 OBJ'!D89 -> 0
D85: ='7.1 OBJ'!D90 -> 0
A86: =A80+1 -> 12 | B86: ='7.1 OBJ'!B91 -> 0 | C86: ='7.1 OBJ'!C91 -> 0 | D86: ='7.1 OBJ'!D91 -> 0
D87: ='7.1 OBJ'!D92 -> 0
D88: ='7.1 OBJ'!D93 -> 0
C89: ='7.1 OBJ'!C94 -> 0 | D89: ='7.1 OBJ'!D94 -> 0
D90: ='7.1 OBJ'!D95 -> 0
D91: ='7.1 OBJ'!D96 -> 0
C93: Políticas para el período | H93: 4 | I93: IR AL INDICE
I94: IR AL FINAL
A95: =A66 -> Unidad de negocio: | B95: ='7.1 OBJ'!B101:C101 -> Cuatro | D95: Opción estratégica: | I95: IR AL INICIO
A96: Objetivo estratégico | C96: Estrategias | E96: Políticas
A97: =A86+1 -> 13 | B97: ='7.1 OBJ'!B104 -> 0 | C97: ='7.1 OBJ'!C104 -> 0 | D97: ='7.1 OBJ'!D104 -> 0
D98: ='7.1 OBJ'!D105 -> 0
D99: ='7.1 OBJ'!D106 -> 0
C100: ='7.1 OBJ'!C107 -> 0 | D100: ='7.1 OBJ'!D107 -> 0
D101: ='7.1 OBJ'!D108 -> 0
D102: ='7.1 OBJ'!D109 -> 0
A103: =A97+1 -> 14 | B103: ='7.1 OBJ'!B110 -> 0 | C103: ='7.1 OBJ'!C110 -> 0 | D103: ='7.1 OBJ'!D110 -> 0
D104: ='7.1 OBJ'!D111 -> 0
D105: ='7.1 OBJ'!D112 -> 0
C106: ='7.1 OBJ'!C113 -> 0 | D106: ='7.1 OBJ'!D113 -> 0
...

Sheet 7.3 PLAN OBJ
B1: ANALISIS DE LA PLANEACION POR OBJETIVOS
F2: IR AL FINAL
F3: IR AL INDICE
B4: ANALISIS APLICADO A LA EMPRESA | D4: =INDICE!I1 -> 0
A6: Unidad de Negocio | B6: ='4.4 GE-MCK'!D8 -> Uno | D6: Objetivo ESTRATÉGICO:
C7: FASE 1 | D7: FASE 2 | E7: FASE 3 | F7: FASE 4
A8: FECHA EN QUE FINALIZA
A9: 1 | B9: OBJETIVOS
A12: =A9+1 -> 2 | B12: Cómo
A17: =A12+1 -> 3 | B17: Participantes
A22: =A17+1 -> 4 | B22: Medición resultados
A28: Responsable seguimiento
F29: IR AL INICIO
F30: IR AL FINAL
F31: IR AL INDICE
A32: Unidad de Negocio | B32: ='4.4 GE-MCK'!D9 -> Dos | D32: Objetivo ESTRATÉGICO:
C33: FASE 1 | D33: FASE 2 | E33: FASE 3 | F33: FASE 3
A34: FECHA EN QUE FINALIZA
A35: 1 | B35: OBJETIVOS
A38: =A35+1 -> 2 | B38: Cómo
A43: =A38+1 -> 3 | B43: Participantes
A48: =A43+1 -> 4 | B48: Medición resultados
A54: Responsable seguimiento
F55: IR AL INICIO
F56: IR AL FINAL
F57: IR AL INDICE
A58: Unidad de Negocio | B58: ='4.4 GE-MCK'!D10 -> Tres | D58: Objetivo ESTRATÉGICO:
C59: FASE 1 | D59: FASE 2 | E59: FASE 3 | F59: FASE 3
A60: FECHA EN QUE FINALIZA
A61: 1 | B61: OBJETIVOS
A64: =A61+1 -> 2 | B64: Cómo
A69: =A64+1 -> 3 | B69: Participantes
A74: =A69+1 -> 4 | B74: Medición resultados
A80: Responsable seguimiento
F82: IR AL INICIO
F83: IR AL FINAL
F84: IR AL INDICE
A85: Unidad de Negocio | B85: ='4.4 GE-MCK'!D11 -> Cuatro | D85: Objetivo ESTRATÉGICO:
C86: FASE 1 | D86: FASE 2 | E86: FASE 3 | F86: FASE 3
A87: FECHA EN QUE FINALIZA
A88: 1 | B88: OBJETIVOS
A91: =A88+1 -> 2 | B91: Cómo
A96: =A91+1 -> 3 | B96: Participantes
A101: =A96+1 -> 4 | B101: Medición resultados
A107: Responsable seguimiento
F108: IR AL INICIO
F109: IR AL INDICE
A110: Unidad de Negocio | B110: ='4.4 GE-MCK'!D12 -> Cinco | D110: Objetivo ESTRATÉGICO:
C111: FASE 1 | D111: FASE 2 | E111: FASE 3 | F111: FASE 3
A112: FECHA EN QUE FINALIZA
A113: 1 | B113: OBJETIVOS
A116: =A113+1 -> 2 | B116: Cómo
A121: =A116+1 -> 3 | B121: Participantes
A126: =A121+1 -> 4 | B126: Medición resultados
A132: Responsable seguimiento
F133: IR AL INDICE
A134: Unidad de Negocio | B134: ='7.2 POLIT'!B153:C153 -> OTRAS AREAS DE LA EMPRESA | D134: Objetivo ESTRATÉGICO:
C135: FASE 1 | D135: FASE 2 | E135: FASE 3 | F135: FASE 3
A136: FECHA EN QUE FINALIZA
A137: 1 | B137: OBJETIVOS
A140: =A137+1 -> 2 | B140: Cómo
A145: =A140+1 -> 3 | B145: Participantes
A150: =A145+1 -> 4 | B150: Medición resultados
A156: Responsable seguimiento

Sheet 7.4 PLAN ACTIVIDADES
B1: ANALISIS DE LA PLANEACION POR ACTIVIDADES
B4: ANALISIS APLICADO A LA EMPRESA | C4: =INDICE!I1 -> 0 | F4: IR AL FINAL
F5: IR AL INDICE
A6: Unidad de Negocio | B6: ='7.3 PLAN OBJ'!B6:C6 -> Uno | C6: Objetivo ESTRATÉGICO:
A7: Responsable global
A8: Áreas implicadas
A10: Acción / Tarea | C10: Cuantificación | D10: Responsable | E10: Duración semanas | F10: Fecha Inicial | G10: Fecha final
A11: 1
A12: =A11+1 -> 2
A13: =A12+1 -> 3
A14: =A13+1 -> 4
A15: =A14+1 -> 5
A16: =A15+1 -> 6
A17: =A16+1 -> 7
A18: =A17+1 -> 8
A19: =A18+1 -> 9
A20: =A19+1 -> 10
A21: =A20+1 -> 11
A22: =A21+1 -> 12
A23: =A22+1 -> 13
... A30: =A29+1 -> 20
F31: IR AL FINAL
F32: IR AL INICIO
F33: IR AL INDICE
A34: Unidad de Negocio | B34: ='7.3 PLAN OBJ'!B32:C32 -> Dos | C34: Objetivo ESTRATÉGICO:
A35: Responsable global
A36: Áreas implicadas
A38: Acción / Tarea | C38: Cuantificación | D38: Responsable | E38: Duración semanas | F38: Fecha Inicial | G38: Fecha final
A39: 1
A40: =A39+1 -> 2
A41: =A40+1 -> 3
A42: =A41+1 -> 4
A43: =A42+1 -> 5
A44: =A43+1 -> 6
A45: =A44+1 -> 7
A46: =A45+1 -> 8
A47: =A46+1 -> 9
A48: =A47+1 -> 10
A49: =A48+1 -> 11
A50: =A49+1 -> 12
A51: =A50+1 -> 13
... A58: =A57+1 -> 20
F59: IR AL FINAL
F60: IR AL INICIO
F61: IR AL INDICE
A62: Unidad de Negocio | B62: ='7.3 PLAN OBJ'!B58:C58 -> Tres | C62: Objetivo ESTRATÉGICO:
A63: Responsable global
A64: Áreas implicadas
A66: Acción / Tarea | C66: Cuantificación | D66: Responsable | E66: Duración semanas | F66: Fecha Inicial | G66: Fecha final
A67: 1
A68: =A67+1 -> 2
A69: =A68+1 -> 3
A70: =A69+1 -> 4
A71: =A70+1 -> 5
A72: =A71+1 -> 6
A73: =A72+1 -> 7
A74: =A73+1 -> 8
A75: =A74+1 -> 9
A76: =A75+1 -> 10
A77: =A76+1 -> 11
A78: =A77+1 -> 12
A79: =A78+1 -> 13
... A86: =A85+1 -> 20
F87: IR AL FINAL
F88: IR AL INICIO
F89: IR AL INDICE
A90: Unidad de Negocio | B90: ='7.3 PLAN OBJ'!B85:C85 -> Cuatro | C90: Objetivo ESTRATÉGICO:
A91: Responsable global
A92: Áreas implicadas
A94: Acción / Tarea | C94: Cuantificación | D94: Responsable | E94: Duración semanas | F94: Fecha Inicial | G94: Fecha final
A95: 1
A96: =A95+1 -> 2
A97: =A96+1 -> 3
A98: =A97+1 -> 4
A99: =A98+1 -> 5
A100: =A99+1 -> 6
A101: =A100+1 -> 7
A102: =A101+1 -> 8
A103: =A102+1 -> 9
A104: =A103+1 -> 10
A105: =A104+1 -> 11
A106: =A105+1 -> 12
A107: =A106+1 -> 13
... A114: =A113+1 -> 20
F115: IR AL FINAL
F116: IR AL INICIO
F117: IR AL INDICE
A118: Unidad de Negocio | B118: ='7.3 PLAN OBJ'!B110:C110 -> Cinco | C118: Objetivo ESTRATÉGICO:
A119: Responsable global
A120: Áreas implicadas
A122: Acción / Tarea | C122: Cuantificación | D122: Responsable | E122: Duración semanas | F122: Fecha Inicial | G122: Fecha final
A123: 1
A124: =A123+1 -> 2
A125: =A124+1 -> 3
A126: =A125+1 -> 4
A127: =A126+1 -> 5
A128: =A127+1 -> 6
A129: =A128+1 -> 7
A130: =A129+1 -> 8
A131: =A130+1 -> 9
...

Sheet 8 PLAN MEJORA
B1: MATRIZ DEL PLAN DE MEJORA
B4: ANALISIS APLICADO A LA EMPRESA | C4: =INDICE!I1 -> 0 | F4: IR AL INDICE
B5: FECHA
A7: # | B7: Descripción del Hallazgo ( No más de 50 palabras) | C7: Acción correctiva | D7: Objetivo | E7: Responsable | G7: Recursos | H7: Fecha de iniciación | I7: Fecha de terminación | J7: Indicadores de logro
E8: Oficina | F8: Cargo | G8: Financieros
A9: 1
A10: 2
A11: 3
A12: 4
A13: 5
A14: 6
A15: 7
A16: 8
A17: 9
A18: 10
A19: 11
A20: 12
... A22: 14

Sheet 9 M RIESGOS
B1: IR AL INDICE | F1: MATRIZ DE RIESGOS
F2: ANALISIS APLICADO A LA EMPRESA | N2: =INDICE!I1 -> 0
F3: VERSIÓN: | O3: FECHA: | X3: Desarrollado por: JOSE FERNANDO GUERRERO VILLAFAÑE
A4: No | B4: RIESGO | C4: NIVEL DE PROBABILIDAD | D4: NIVEL DE IMPACTO | L4: NIVEL DEL RIESGO | N4: NIVEL DE PROBABILIDAD | O4: NIVEL DE IMPACTO | W4: NIVEL DEL RIESGO | Y4: EVALUACIÓN DEL CONTROL | Z4: ACTIVIDADES A DESARROLLAR | AA4: FRECUENCIA DEL CONTROL | AB4: PROCESO ENCARGADO
D5: P | E5: B | F5: F | G5: Im | H5: A | I5: If | J5: C | K5: L | O5: P | P5: B | Q5: F | R5: Im | S5: A | T5: If | U5: C | V5: L
C6: SIN CONTROL | N6: CON CONTROL
A7: 1 | L7: =C7*MAX(D7:K7) -> 0 | M7: =IF(L7=5,"Aceptable",IF(L7=10,"Tolerable",IF(OR(L7=15,L7=20),"Moderado",IF(OR(L7=30,L7=40),"Importante",IF(L7=60,"Inaceptable"))))) -> FALSE | W7: =N7*MAX(O7:V7) -> 0 | X7: =IF(W7=5,"Aceptable",IF(W7=10,"Tolerable",IF(OR(W7=15,W7=20),"Moderado",IF(OR(W7=30,W7=40),"Importante",IF(W7=60,"Inaceptable"))))) -> FALSE
A8: 2 | B8: Riesgo de iliquidez y no pague sus compromisos financieros | L8: =C8*MAX(D8:K8) -> 0 | M8: =IF(L8=5,"Aceptable",IF(L8=10,"Tolerable",IF(OR(L8=15,L8=20),"Moderado",IF(OR(L8=30,L8=40),"Importante",IF(L8=60,"Inaceptable"))))) -> FALSE | W8: =N8*MAX(O8:V8) -> 0 | X8: =IF(W8=5,"Aceptable",IF(W8=10,"Tolerable",IF(OR(W8=15,W8=20),"Moderado",IF(OR(W8=30,W8=40),"Importante",IF(W8=60,"Inaceptable"))))) -> FALSE
A9: 3 | L9: =C9*MAX(D9:K9) -> 0 | M9: =IF(L9=5,"Aceptable",IF(L9=10,"Tolerable",IF(OR(L9=15,L9=20),"Moderado",IF(OR(L9=30,L9=40),"Importante",IF(L9=60,"Inaceptable"))))) -> FALSE | W9: =N9*MAX(O9:V9) -> 0 | X9: =IF(W9=5,"Aceptable",IF(W9=10,"Tolerable",IF(OR(W9=15,W9=20),"Moderado",IF(OR(W9=30,W9=40),"Importante",IF(W9=60,"Inaceptable"))))) -> FALSE
A10: 4 | L10: =C10*MAX(D10:K10) -> 0 | M10: =IF(L10=5,"Aceptable",IF(L10=10,"Tolerable",IF(OR(L10=15,L10=20),"Moderado",IF(OR(L10=30,L10=40),"Importante",IF(L10=60,"Inaceptable"))))) -> FALSE | W10: =N10*MAX(O10:V10) -> 0 | X10: =IF(W10=5,"Aceptable",IF(W10=10,"Tolerable",IF(OR(W10=15,W10=20),"Moderado",IF(OR(W10=30,W10=40),"Importante",IF(W10=60,"Inaceptable"))))) -> FALSE
A11: 5 | L11: =C11*MAX(D11:K11) -> 0 | M11: =IF(L11=5,"Aceptable",IF(L11=10,"Tolerable",IF(OR(L11=15,L11=20),"Moderado",IF(OR(L11=30,L11=40),"Importante",IF(L11=60,"Inaceptable"))))) -> FALSE | W11: =N11*MAX(O11:V11) -> 0 | X11: =IF(W11=5,"Aceptable",IF(W11=10,"Tolerable",IF(OR(W11=15,W11=20),"Moderado",IF(OR(W11=30,W11=40),"Importante",IF(W11=60,"Inaceptable"))))) -> FALSE
A12: 6 | L12: =C12*MAX(D12:K12) -> 0 | M12: =IF(L12=5,"Aceptable",IF(L12=10,"Tolerable",IF(OR(L12=15,L12=20),"Moderado",IF(OR(L12=30,L12=40),"Importante",IF(L12=60,"Inaceptable"))))) -> FALSE | W12: =N12*MAX(O12:V12) -> 0 | X12: =IF(W12=5,"Aceptable",IF(W12=10,"Tolerable",IF(OR(W12=15,W12=20),"Moderado",IF(OR(W12=30,W12=40),"Importante",IF(W12=60,"Inaceptable"))))) -> FALSE
A13: 7 | L13: =C13*MAX(D13:K13) -> 0 | M13: =IF(L13=5,"Aceptable",IF(L13=10,"Tolerable",IF(OR(L13=15,L13=20),"Moderado",IF(OR(L13=30,L13=40),"Importante",IF(L13=60,"Inaceptable"))))) -> FALSE | W13: =N13*MAX(O13:V13) -> 0 | X13: =IF(W13=5,"Aceptable",IF(W13=10,"Tolerable",IF(OR(W13=15,W13=20),"Moderado",IF(OR(W13=30,W13=40),"Importante",IF(W13=60,"Inaceptable"))))) -> FALSE
A14: 8 | L14: =C14*MAX(D14:K14) -> 0 | M14: =IF(L14=5,"Aceptable",IF(L14=10,"Tolerable",IF(OR(L14=15,L14=20),"Moderado",IF(OR(L14=30,L14=40),"Importante",IF(L14=60,"Inaceptable"))))) -> FALSE | W14: =N14*MAX(O14:V14) -> 0 | X14: =IF(W14=5,"Aceptable",IF(W14=10,"Tolerable",IF(OR(W14=15,W14=20),"Moderado",IF(OR(W14=30,W14=40),"Importante",IF(W14=60,"Inaceptable"))))) -> FALSE
A15: 9 | L15: =C15*MAX(D15:K15) -> 0 | M15: =IF(L15=5,"Aceptable",IF(L15=10,"Tolerable",IF(OR(L15=15,L15=20),"Moderado",IF(OR(L15=30,L15=40),"Importante",IF(L15=60,"Inaceptable"))))) -> FALSE | W15: =N15*MAX(O15:V15) -> 0 | X15: =IF(W15=5,"Aceptable",IF(W15=10,"Tolerable",IF(OR(W15=15,W15=20),"Moderado",IF(OR(W15=30,W15=40),"Importante",IF(W15=60,"Inaceptable"))))) -> FALSE
A16: 10 | L16: =C16*MAX(D16:K16) -> 0 | M16: =IF(L16=5,"Aceptable",IF(L16=10,"Tolerable",IF(OR(L16=15,L16=20),"Moderado",IF(OR(L16=30,L16=40),"Importante",IF(L16=60,"Inaceptable"))))) -> FALSE | W16: =N16*MAX(O16:V16) -> 0 | X16: =IF(W16=5,"Aceptable",IF(W16=10,"Tolerable",IF(OR(W16=15,W16=20),"Moderado",IF(OR(W16=30,W16=40),"Importante",IF(W16=60,"Inaceptable"))))) -> FALSE
A17: 11 | L17: =C17*MAX(D17:K17) -> 0 | M17: =IF(L17=5,"Aceptable",IF(L17=10,"Tolerable",IF(OR(L17=15,L17=20),"Moderado",IF(OR(L17=30,L17=40),"Importante",IF(L17=60,"Inaceptable"))))) -> FALSE | W17: =N17*MAX(O17:V17) -> 0 | X17: =IF(W17=5,"Aceptable",IF(W17=10,"Tolerable",IF(OR(W17=15,W17=20),"Moderado",IF(OR(W17=30,W17=40),"Importante",IF(W17=60,"Inaceptable"))))) -> FALSE
A18: 12 | L18: =C18*MAX(D18:K18) -> 0 | M18: =IF(L18=5,"Aceptable",IF(L18=10,"Tolerable",IF(OR(L18=15,L18=20),"Moderado",IF(OR(L18=30,L18=40),"Importante",IF(L18=60,"Inaceptable"))))) -> FALSE | W18: =N18*MAX(O18:V18) -> 0 | X18: =IF(W18=5,"Aceptable",IF(W18=10,"Tolerable",IF(OR(W18=15,W18=20),"Moderado",IF(OR(W18=30,W18=40),"Importante",IF(W18=60,"Inaceptable"))))) -> FALSE
A19: 13 | L19: =C19*MAX(D19:K19) -> 0 | M19: =IF(L19=5,"Aceptable",IF(L19=10,"Tolerable",IF(OR(L19=15,L19=20),"Moderado",IF(OR(L19=30,L19=40),"Importante",IF(L19=60,"Inaceptable"))))) -> FALSE | W19: =N19*MAX(O19:V19) -> 0 | X19: =IF(W19=5,"Aceptable",IF(W19=10,"Tolerable",IF(OR(W19=15,W19=20),"Moderado",IF(OR(W19=30,W19=40),"Importante",IF(W19=60,"Inaceptable"))))) -> FALSE
A20: 14 | L20: =C20*MAX(D20:K20) -> 0 | M20: =IF(L20=5,"Aceptable",IF(L20=10,"Tolerable",IF(OR(L20=15,L20=20),"Moderado",IF(OR(L20=30,L20=40),"Importante",IF(L20=60,"Inaceptable"))))) -> FALSE | W20: =N20*MAX(O20:V20) -> 0 | X20: =IF(W20=5,"Aceptable",IF(W20=10,"Tolerable",IF(OR(W20=15,W20=20),"Moderado",IF(OR(W20=30,W20=40),"Importante",IF(W20=60,"Inaceptable"))))) -> FALSE
... A34: 28 | L34: =C34*MAX(D34:K34) -> 0 | M34: =IF(L34=5,"Aceptable",IF(L34=10,"Tolerable",IF(OR(L34=15,L34=20),"Moderado",IF(OR(L34=30,L34=40),"Importante",IF(L34=60,"Inaceptable"))))) -> FALSE | W34: =N34*MAX(O34:V34) -> 0 | X34: =IF(W34=5,"Aceptable",IF(W34=10,"Tolerable",IF(OR(W34=15,W34=20),"Moderado",IF(OR(W34=30,W34=40),"Importante",IF(W34=60,"Inaceptable"))))) -> FALSE
